 Dungeon Crawl Stone Soup version 0.31-a0-675-g238779eb0a (webtiles) character file.

Game seed: 8100017512503043367

264923 qw the Slayer (level 20, -6/116 HPs)
             Began as a Gargoyle Hunter on Sept 5, 2023.
             Was a High Priest of Okawaru.
             Mangled by a tentacled starspawn (13 damage)
             ... on level 4 of the Abyss.
             The game lasted 00:27:06 (35021 turns).

qw the Slayer (Gargoyle Hunter)                    Turns: 35021, Time: 00:27:06

Health: -6/116     AC: 31    Str: 14 (16) XL:     20   Next: 46%
Magic:  19/19      EV: 32    Int: 10 (11) God:    Okawaru [*****.]
Gold:   1603       SH:  0    Dex: 26      Spells: 19/19 levels left

rFire   x . .        p - +0 triple crossbow (drain)
rCold   + + .        (shield currently unavailable)
rNeg    + . .        d - +2 troll leather armour of Jog Pilulecs {Will+ Regen+ Dex+3 SInv}
rPois   inf          v - +2 hat {SInv}
rElec   +            u - scarf {rC+ rF+}
rCorr   +            k - +2 pair of gloves
SInv    +            t - +0 pair of boots
Will    ++...        e - amulet of faith
Stlth   ++++         A - +6 ring of dexterity
HPRegen 1.19/turn    s - ring "Vidubof" {rF- AC+4 Str+4 Dex+3}
MPRegen 0.16/turn

%: faith
@: about to teleport, resistant, heroic, flying
A: sickness immunity, AC +15, big wings, negative energy resistance 1,
electricity resistance, torment resistance 1, petrification resistance, clever
1, clumsy 1[+1], [deformed body], [deterioration 2], [dopey 2], [frail 2], [low
MP 3], [screaming 1], [weak 2], [no potion heal 1], [heat vulnerability 2]
}: 1/15 runes: decaying
a: Renounce Religion, Heroism, Finesse, Duel


You were on level 4 of the Abyss.
You worshipped Okawaru.
Okawaru was extremely pleased with you.
You visited 7 branches of the dungeon, and saw 34 of its levels.
You visited the Abyss 2 times.
You also visited: Sewer.

You collected 3759 gold pieces.
You spent 2156 gold pieces at shops.


Innate Abilities, Weirdness & Mutations

You are immune to sickness and miasma.
Your stone body is resilient. (AC +15)
You are immune to poison.
Your large and strong wings let you fly.
You resist negative energy. (rN+)
You are resistant to electric shocks. (rElec)
You are resistant to unholy torment.
You are immune to petrification.
Your mind is acute. (Int +4, Str/Dex -1)
[You are very clumsy. (Dex -4)]
[Armour fits poorly on your strangely shaped body.]
[Your body often deteriorates upon taking damage.]
[You are very dopey. (Int -4)]
[You are very frail. (-20% HP)]
[Your magical capacity is extremely low. (-30% MP)]
[You occasionally shout uncontrollably at your foes.]
[You are very weak. (Str -4)]
[Potions are less effective at restoring your health.]
[You are very vulnerable to heat. (rF--)]


   Skills:
 - Level 21.8(26.8) Fighting
 + Level 21.4(26.4) Ranged Weapons
 - Level 9.0(14.0) Armour
 - Level 16.0(21.0) Dodging
 - Level 1.1(6.1) Stealth
 - Level 10.0 Invocations


You had 19 spell levels left.
You didn't know any spells.
Your spell library was empty.

Inventory:

Hand Weapons
 p - a +0 triple crossbow of draining (weapon)
Armour
 c - a +2 robe of resistance
 d - the +2 troll leather armour of Jog Pilulecs (worn) {Will+ Regen+ Dex+3 SInv}
   (You bought it in a shop on level 2 of the Orcish Mines)

   Dex+3:     It affects your dexterity (+3).
   Will+:     It increases your willpower.
   SInv:      It lets you see invisible.
   Regen+:    It increases your rate of health regeneration.
 k - a +2 pair of gloves (worn)
 t - a +0 pair of boots (worn)
 u - a scarf of resistance (worn)
 v - a +2 hat of see invisible (worn)
 x - a +2 cloak
Jewellery
 b - a +5 ring of evasion
 e - an amulet of faith (around neck)
 g - an amulet of reflection
 m - a ring of protection from fire
 s - the ring "Vidubof" (right hand) {rF- AC+4 Str+4 Dex+3}
   (You found it on level 1 of the Lair of Beasts)

   [ring of protection]

   AC+4:      It affects your AC (+4).
   Str+4:     It affects your strength (+4).
   Dex+3:     It affects your dexterity (+3).
   rF-:       It makes you vulnerable to fire.
 A - a +6 ring of dexterity (left hand)
Wands
 r - a wand of digging (4)
Scrolls
 a - 17 scrolls of identify
 i - 4 scrolls of teleportation
Potions
 f - 17 potions of curing
 h - 5 potions of haste
 j - 2 potions of magic
 n - 4 potions of enlightenment
 o - 3 potions of might
 w - 2 potions of cancellation
 z - a potion of mutation

Dungeon Overview and Level Annotations

Branches:
Dungeon (15/15)            Temple (1/1) D:4            Lair (5/5) D:10
  Swamp (4/4) Lair:3       Spider (3/4) Lair:3        Slime (0/5) Lair:4
    Orc (2/2) D:10            Elf (0/3) Orc:2        Vaults (4/5) D:14
  Crypt (0/3) Vaults:2     Depths (0/4) D:15          Sewer (visited)

Altars:
Ashenzari
Cheibriados
Dithmenos
Elyvilon
Fedhas
Gozag
Hepliaklqana
Kikubaaqudgha
Makhleb
Nemelex Xobeh
Okawaru
Qazlal
Ru
Sif Muna
Trog
Uskayaw
Vehumet
Wu Jian
Xom
Yredelemnul
Zin
The Shining One
Jiyva

Shops:
D:2 (:   D:3 !   D:6 [   D:10 [   D:11 [[[*   Orc:2 ([(=

Annotations:
D:5 1 runed translucent door, Crazy Yiuf
Lair:4 exclusion: oklob plant


Message History

You destroy the tentacled starspawn!
Okawaru accepts your kill.
The wretched star glows turbulently.
The lance of force hits you.
You are knocked back by the lance of force.
You slam into the stone wall!
The tentacled starspawn bites you!
Your body deteriorates!
You feel weakened.
The tentacled starspawn tentacle-slaps you but does no damage.
You feel your dexterity returning.
You shoot a bolt. The bolt hits the wretched star!
The wretched star is lightly damaged.
The wretched star glows turbulently.
The lance of force misses you. The tentacled starspawn misses you.
The tentacled starspawn completely misses you.
The white imp hits you but does no damage.
35019 |||
Found retreat position at 1,0 (white imp; floor) with 0 blocking monsters and 1 monsters attacking at destination at distance 1 You shoot a bolt.
The bolt hits the wretched star!
The wretched star is moderately damaged.
The tentacled starspawn misses you.
The tentacled starspawn tentacle-slaps you but does no damage.
The white imp misses you.
A tentacle flies out from the starspawn's body!
A starspawn tentacle comes into view.
35020 |||
Found retreat position at 1,0 (white imp; floor) with 0 blocking monsters and 1 monsters attacking at destination at distance 1 You shoot a bolt.
The bolt barely misses the wretched star.
The tentacled starspawn bites you!
The tentacled starspawn tentacle-slaps you.
The white imp completely misses you.
35021 |||
Found retreat position at 1,0 (white imp; floor) with 0 blocking monsters and 2 monsters attacking at destination at distance 1
35021 ||| READING 5 scrolls of teleportation.
As you read the scroll of teleportation, it crumbles to dust.
You feel strangely unstable.
You feel the power of the Abyss delaying your translocation!
The wretched star pulses with an eldritch light!
You feel stupid. The tentacled starspawn bites you!!
Your body deteriorates!
You feel dopey.
The tentacled starspawn tentacle-slaps you!
You die...

.. ##.##.~..
.. # . . .
.##. . # .v
v#..#.. #. #
.... # ..#.
.# ..# .##..
# # v. #E#.#
.### #..
..##. ...# #
##.#w###..#
#.wX@5X#
####*##.....#
# ##.... #..
..##.# #.
....#....# #
#.# ##.
##.#.#. #...
.. . ###.. ..
)# # # . .
#... ## . .
#... # # . .#
# .. # # . .
.


You could see a tentacled starspawn, a wretched star, a thrashing horror, 2
starspawn tentacles and a white imp.

Vanquished Creatures
  A bone dragon (Abyss:2)
  A hellephant (Abyss:4)
  Jorgrun (D:13)
  Rupert (Orc:1)
  A lich (Abyss:2)
  Mlioglotl (Swamp:2)
  2 tentacled starspawn (Abyss:4)
  Gastronok (D:8)
  A tengu reaver (Vaults:1)
  Agnes (D:14)
  Donald (Spider:1)
  A thorn hunter (Swamp:4)
  Roxanne (Swamp:2)
  Louise (Spider:1)
  4 emperor scorpions
  A frost giant (Vaults:3)
  A ghost moth (Spider:2)
  9 vault wardens
  12 ironbound preservers
  A balrug (Abyss:4)
  3 orc warlords
  3 formless jellyfish
  3 broodmothers (Spider:2)
  3 ghouls (Swamp:4)
  A very ugly thing (Vaults:1)
  A stone giant (D:15)
  2 eleionomae
  3 ironbound thunderhulks
  9 dire elephants
  2 spark wasps (Spider:2)
  8 bunyips
  Snorg (Orc:2)
  3 fire dragons (Swamp:4)
  2 great orbs of eyes
  A shambling mangrove (Swamp:4)
  6 entropy weavers
  5 yaktaur captains
  A rakshasa (Abyss:2)
  8 vault guards
  A juggernaut simulacrum (Abyss:4)
  A peacekeeper (Vaults:3)
  8 ironbound frosthearts
  11 hydras
  Erica (Lair:2)
  4 catoblepae
  An ogre mage (D:12)
  2 radroaches (Spider:2)
  3 jorogumos
  13 centaur warriors
  5 boulder beetles
  7 alligators
  3 tengu warriors
  5 two-headed ogres
  11 death yaks
  Urug (Lair:2)
  An orc high priest (Orc:2)
  Nergalle (Orc:1)
  4 demonic crawlers
  3 thrashing horrors (Abyss:2)
  Sonja (D:13)
  2 fire crabs (Swamp:4)
  A fire crab (shapeshifter) (D:15)
  2 wretched stars
  A deep elf knight (D:14)
  A sun moth (Spider:3)
  2 skysharks
  A goliath frog (shapeshifter) (D:14)
  A spatial maelstrom (Abyss:4)
  4 goliath frogs
  5 pharaoh ants
  7 orb spiders
  24 deep trolls
  4 spriggan druids
  2 glowing orange brains (Vaults:3)
  A flayed ghost (Abyss:2)
  6 wizards
  6 bog bodies
  14 swamp dragons
  13 ironbound convokers
  Pikel (D:6)
  4 harpies (Vaults:2)
  2 necromancers (D:14)
  13 lindwurms
  4 steelbarb worms
  7 orc knights
  A deep elf pyromancer (D:14)
  5 manticores
  3 orc sorcerers
  2 cyclopes
  12 ugly things
  14 wolf spiders
  5 will-o-the-wisps
  3 moths of wrath (Spider:2)
  3 oklob plants (Lair:4)
  8 elephants
  3 black mambas
  An elephant (shapeshifter) (D:12)
  7 centaur zombies (D:10)
  11 vault sentinels
  A molten gargoyle (Swamp:4)
  2 gargoyles (D:12)
  9 cane toads
  A smoke demon (Abyss:2)
  7 torpor snails
  4 rime drakes
  An unseen horror zombie (D:10)
  An unseen horror (shapeshifter) (D:15)
  An unseen horror (D:10)
  A kobold demonologist (D:10)
  2 efreet (D:14)
  A freezing wraith (D:10)
  17 yaktaurs
  A tengu conjurer (D:14)
  4 ancient zymes
  10 komodo dragons
  An ice devil (Abyss:4)
  5 trolls
  3 meliai (D:14)
  4 polar bears
  3 bloated husks
  8 tyrant leeches
  13 hornets
  10 blink frogs
  24 tarantellas
  A dream sheep (Lair:4)
  2 ettin zombies (Vaults:1)
  A stone giant simulacrum (Vaults:1)
  22 slime creatures
  3 centaur simulacra
  15 jumping spiders
  2 shadows (D:10)
  Sigmund (D:2)
  4 water elementals
  9 spriggans
  11 culicivoras
  3 wraiths
  2 vampires
  A basilisk (D:15)
  6 wyverns
  4 steam dragons (Swamp:4)
  17 humans (D:14)
  67 yaks
  8 large abominations
  23 redbacks
  14 vampire mosquitoes
  A neqoxec (Abyss:2)
  Edmund (D:5)
  7 wargs
  20 swamp worms
  2 acid dragons
  A glowing shapeshifter zombie (Vaults:1)
  Duvessa (D:6)
  13 water moccasins
  2 floating eyes (D:11)
  47 orc warriors
  11 swamp drakes
  2 black bears (Lair:1)
  4 sky beasts
  2 ice beasts
  4 small abominations
  13 ogres
  15 wolves
  15 centaurs
  3 lemures (D:6)
  A phantom (D:5)
  3 kobold brigands
  13 bullfrogs
  2 necrophages (Swamp:4)
  3 gnoll sergeants
  Blork the orc (D:5)
  2 scorpions
  14 wights
  Dowan (D:6)
  12 killer bees
  4 electric eels
  4 howler monkeys
  A quasit (Abyss:2)
  A jelly (D:4)
  22 orc priests
  3 hounds
  3 gnoll boudas
  2 iron imps (Abyss:2)
  4 iguanas
  A sleepcap (D:6)
  37 orc wizards
  Robin (D:4)
  28 gnolls
  19 adders
  2 river rats (Sewer)
  2 shadow imps
  A howler monkey simulacrum (D:10)
  6 white imps
  2 ufetubi
  4 worms
  7 dart slugs
  119 orcs
  12 ball pythons
  10 bats
  7 endoplasms
  5 giant cockroaches
  7 hobgoblins
  4 jackals
  9 quokkas
  8 frilled lizards
  15 goblins
  28 kobolds
  7 rats
  A starspawn tentacle (Abyss:4)
1353 creatures vanquished.

Vanquished Creatures (others)
  2 swamp drakes (Swamp:4)
  2 orcs (Orc:1)
  11 foxfires
  5 starspawn tentacles (Abyss:4)
20 creatures vanquished.

Grand Total: 1373 creatures vanquished

Notes
Turn   | Place    | Note
-------+----------+-------------------------------------------
     0 | D:1      | qw the Gargoyle Hunter began the quest for the Orb.
     0 | D:1      | Reached XP level 1. HP: 12/12 MP: 1/1
     0 | D:1      | 0 ||| qw: Version: 0.3-a-75-g829b12e
     0 | D:1      | 0 ||| qw: Game counter: 209
     0 | D:1      | 0 ||| qw: Melee chars always use a shield: true
     0 | D:1      | 0 ||| qw: God list: Okawaru
     0 | D:1      | 0 ||| qw: Allow faded altars: false
     0 | D:1      | 0 ||| qw: Do Orc after clearing Dungeon:15 true
     0 | D:1      | 0 ||| qw: Do second Lair branch before Depths: true
     0 | D:1      | 0 ||| qw: Lair rune preference: random
     0 | D:1      | 0 ||| qw: Goals: Normal
     0 | D:1      | 0 ||| PLANNING D:1-11
   112 | D:1      | Reached XP level 2. HP: 17/17 MP: 2/2
   363 | D:1      | Reached XP level 3. HP: 21/21 MP: 3/3
   874 | D:1      | 874 ||| READING scroll labelled UTZOLEMUUC.
   875 | D:1      | 875 ||| DRINKING 2 fuming puce potions.
   876 | D:1      | 876 ||| DRINKING 2 smoky grey potions.
   877 | D:1      | 877 ||| DROPPING scroll of butterflies.
   878 | D:1      | 878 ||| DROPPING potion of magic.
   979 | D:2      | Noticed Sigmund
   993 | D:2      | Killed Sigmund
   994 | D:2      | Reached XP level 4. HP: 19/31 MP: 4/4
   994 | D:2      | Reached XP level 5. HP: 22/35 MP: 5/5
  1343 | D:2      | 1343 ||| Stepping ~*~*~tactically~*~*~ (outnumbered).
  1347 | D:2      | Reached XP level 6. HP: 39/40 MP: 6/6
  1633 | D:2      | 1633 ||| FLEEEEING.
  1634 | D:2      | 1634 ||| FLEEEEING.
  1635 | D:2      | 1635 ||| FLEEEEING.
  1636 | D:2      | 1636 ||| FLEEEEING.
  1637 | D:2      | 1637 ||| FLEEEEING.
  1638 | D:2      | 1638 ||| FLEEEEING.
  1639 | D:2      | 1639 ||| FLEEEEING.
  1640 | D:2      | 1640 ||| FLEEEEING.
  1641 | D:2      | 1641 ||| FLEEEEING.
  1642 | D:2      | 1642 ||| FLEEEEING.
  1643 | D:2      | 1643 ||| FLEEEEING.
  1644 | D:2      | 1644 ||| FLEEEEING.
  1645 | D:2      | 1645 ||| FLEEEEING.
  1647 | D:2      | 1647 ||| FLEEEEING.
  1648 | D:2      | 1648 ||| FLEEEEING.
  1649 | D:2      | 1649 ||| FLEEEEING.
  1650 | D:2      | 1650 ||| FLEEEEING.
  1651 | D:2      | 1651 ||| FLEEEEING.
  1652 | D:2      | 1652 ||| FLEEEEING.
  1653 | D:2      | 1653 ||| FLEEEEING.
  1654 | D:2      | 1654 ||| FLEEEEING.
  1655 | D:2      | 1655 ||| FLEEEEING.
  1656 | D:2      | 1656 ||| FLEEEEING.
  1657 | D:2      | 1657 ||| FLEEEEING.
  1658 | D:2      | 1658 ||| FLEEEEING.
  1659 | D:2      | 1659 ||| FLEEEEING.
  1660 | D:2      | 1660 ||| FLEEEEING.
  1661 | D:2      | 1661 ||| FLEEEEING.
  1662 | D:2      | 1662 ||| FLEEEEING.
  1663 | D:2      | 1663 ||| FLEEEEING.
  1664 | D:2      | 1664 ||| FLEEEEING.
  1665 | D:2      | 1665 ||| FLEEEEING.
  1666 | D:2      | 1666 ||| FLEEEEING.
  1667 | D:2      | 1667 ||| FLEEEEING.
  1668 | D:2      | 1668 ||| FLEEEEING.
  1669 | D:2      | 1669 ||| FLEEEEING.
  1670 | D:2      | 1670 ||| FLEEEEING.
  1671 | D:2      | 1671 ||| FLEEEEING.
  1672 | D:2      | 1672 ||| FLEEEEING.
  1673 | D:2      | 1673 ||| FLEEEEING.
  1674 | D:2      | 1674 ||| FLEEEEING.
  1675 | D:2      | 1675 ||| FLEEEEING.
  1676 | D:2      | 1676 ||| STAIRDANCE
  1725 | D:1      | 1725 ||| READING scroll labelled NEIFIO UTIRUS.
  1726 | D:1      | 1726 ||| READING scroll labelled CODENA WITSORGHISM.
  1727 | D:1      | 1727 ||| READING scroll labelled GUORPH XIUVVO.
  1799 | D:2      | Found Mesmeruwno's Book Shop.
  2138 | D:2      | Found Pef Fuesk's Antique Weapon Shoppe.
  2204 | D:3      | 2204 ||| STAIRDANCE
  2630 | D:3      | HP: 9/40 [orc/+0 morningstar (6)]
  2631 | D:3      | 2631 ||| DRINKING 2 potions of heal wounds.
  2728 | D:3      | Reached skill level 6 in Ranged Weapons
  2753 | D:3      | Found Yberch's Distillery.
  2760 | D:3      | 2760 ||| BUYING potion of curing (30 gold).
  2760 | D:3      | Bought a potion of curing for 30 gold pieces
  2760 | D:3      | 2760 ||| BUYING potion of enlightenment (50 gold).
  2760 | D:3      | Bought a potion of enlightenment for 50 gold pieces
  2760 | D:3      | 2760 ||| BUYING potion of might (40 gold).
  2760 | D:3      | Bought a potion of might for 40 gold pieces
  2958 | D:3      | 2958 ||| UPGRADING to +0 ring mail.
  2968 | D:3      | 2968 ||| DROPPING +0 leather armour.
  2969 | D:3      | 2969 ||| READING scroll labelled QATYAR MIDGHAV.
  2969 | D:3      | Identified a scroll of acquirement
  2969 | D:3      | 2969 ||| ACQUIRING +3 shortbow of Turmoil {freeze, Contam
                  | rC+ Dex+4}
  2969 | D:3      | Acquired the +3 shortbow of Turmoil {freeze, Contam rC+
                  | Dex+4}
  2971 | D:3      | 2971 ||| SWAPPING to +3 shortbow of Turmoil {freeze, Contam
                  | rC+ Dex+4}.
  2972 | D:3      | 2972 ||| DROPPING +0 shortbow.
  2973 | D:3      | 2973 ||| READING scroll labelled VANOREXIFE.
  2974 | D:3      | 2974 ||| READING scroll labelled VERPHOOTORPH.
  2975 | D:3      | 2975 ||| READING scroll labelled NEFRUNU YMAYT.
  3027 | D:4      | Reached skill level 1 in Armour
  3156 | D:4      | Reached XP level 7. HP: 44/44 MP: 7/7
  3223 | D:4      | Found a staircase to the Ecumenical Temple.
  3224 | D:4      | 3224 ||| PLANNING TEMPLE
  3224 | D:4      | 3224 ||| UPGRADING to amulet of reflection.
  3231 | D:4      | 3231 ||| Stepping ~*~*~tactically~*~*~ (outnumbered).
  3239 | D:4      | 3239 ||| Stepping ~*~*~tactically~*~*~ (retreating).
  3245 | D:4      | 3245 ||| Stepping ~*~*~tactically~*~*~ (outnumbered).
  3288 | Temple   | Entered the Ecumenical Temple
  3289 | Temple   | 3289 ||| PLANNING OKAWARU WORSHIP
  3289 | Temple   | 3289 ||| DRINKING 2 sedimented coppery potions.
  3290 | Temple   | 3290 ||| DROPPING potion of invisibility.
  3317 | Temple   | Became a worshipper of Warmaster Okawaru
  3318 | Temple   | 3318 ||| PLANNING D:1-11
  3409 | D:4      | Noticed Robin
  3410 | D:4      | 3410 ||| Stepping ~*~*~tactically~*~*~ (outnumbered).
  3422 | D:4      | Killed Robin
  3895 | D:4      | 3895 ||| UPGRADING to +0 helmet.
  3900 | D:4      | 3900 ||| READING scroll labelled JIGUCO TUMOMOI.
  3901 | D:4      | 3901 ||| READING scroll labelled ETEIFI PIFI.
  3935 | D:5      | Entered Level 5 of the Dungeon
  3936 | D:5      | 3936 ||| PLANNING SEWER
  3950 | D:5      | Reached XP level 8. HP: 48/50 MP: 8/8
  4045 | D:5      | Found a glowing drain.
  4051 | D:5      | 4051 ||| DRINKING 2 glowing golden potions.
  4051 | D:5      | Gained mutation: You have large cloven feet. [potion of
                  | mutation]
  4051 | D:5      | Gained mutation: Your spells are a little easier to cast,
                  | but a little less powerful. [potion of mutation]
  4051 | D:5      | Gained mutation: You have a pair of small antennae on your
                  | head. [potion of mutation]
  4052 | D:5      | 4052 ||| DROPPING +0 helmet.
  4053 | D:5      | 4053 ||| READING 2 scrolls of identify.
  4053 | D:5      | 4053 ||| IDENTIFYING fuming purple potion
  4054 | D:5      | 4054 ||| DROPPING potion of degeneration.
  4067 | Sewer    | Entered a sewer
  4189 | Sewer    | 4189 ||| Stepping ~*~*~tactically~*~*~ (water).
  4270 | Sewer    | 4270 ||| Stepping ~*~*~tactically~*~*~ (water).
  4275 | Sewer    | Reached * piety under Okawaru
  4291 | Sewer    | 4291 ||| READING 4 scrolls of identify.
  4291 | Sewer    | 4291 ||| IDENTIFYING viscous cyan potion
  4292 | Sewer    | 4292 ||| READING 3 scrolls of identify.
  4292 | Sewer    | 4292 ||| IDENTIFYING yellow potion
  4293 | Sewer    | 4293 ||| READING 2 scrolls of identify.
  4293 | Sewer    | 4293 ||| IDENTIFYING fuming golden potion
  4294 | Sewer    | 4294 ||| DROPPING potion of brilliance.
  4295 | Sewer    | 4295 ||| DROPPING potion of attraction.
  4332 | D:5      | 4332 ||| PLANNING D:1-11
  4390 | D:5      | Noticed Edmund
  4391 | D:5      | 4391 ||| INVOKING Heroism.
  4400 | D:5      | Killed Edmund
  4401 | D:5      | Reached skill level 9 in Ranged Weapons
  4483 | D:5      | Noticed Blork the orc
  4484 | D:5      | 4484 ||| INVOKING Heroism.
  4490 | D:5      | Killed Blork the orc
  4563 | D:5      | Reached skill level 6 in Fighting
  4717 | D:5      | Found a runed translucent door.
  4718 | D:5      | Noticed Crazy Yiuf
  4795 | D:5      | Reached skill level 1 in Invocations
  4857 | D:5      | 4857 ||| UPGRADING to +2 robe of cold resistance.
  4867 | D:5      | 4867 ||| DROPPING +0 ring mail.
  4868 | D:5      | 4868 ||| UPGRADING to ring of fire.
  4905 | D:6      | 4905 ||| Stepping ~*~*~tactically~*~*~ (retreating).
  4912 | D:6      | 4912 ||| INVOKING Heroism.
  4913 | D:6      | HP: 13/52 [kobold/+0 whip (1)]
  4914 | D:6      | 4914 ||| READING scroll of teleportation.
  4915 | D:6      | 4915 ||| DRINKING potion of heal wounds.
  4916 | D:6      | HP: 5/52 [gnoll sergeant/+3 trident (4)]
  5048 | D:6      | 5048 ||| INVOKING Heroism.
  5049 | D:6      | Noticed Pikel
  5052 | D:6      | Noticed Duvessa
  5066 | D:6      | Killed Pikel
  5067 | D:6      | Reached XP level 9. HP: 37/56 MP: 7/9
  5072 | D:6      | 5072 ||| INVOKING Heroism.
  5076 | D:6      | Killed Duvessa
  5083 | D:6      | Noticed Dowan
  5090 | D:6      | 5090 ||| INVOKING Heroism.
  5092 | D:6      | Killed Dowan
  5108 | D:6      | Reached skill level 3 in Invocations
  5152 | D:6      | 5152 ||| INVOKING Heroism.
  5307 | D:6      | Found Hatyrchu's Antique Armour Shoppe.
  5318 | D:6      | 5318 ||| BUYING glowing leather armour (165 gold).
  5318 | D:6      | Bought a glowing leather armour for 165 gold pieces
  5318 | D:6      | 5318 ||| SHOPLISTING ominously black robe (188 gold, have
                  | 97).
  5318 | D:6      | 5318 ||| SHOPLISTING runed troll leather armour (594 gold,
                  | have 97).
  5343 | D:6      | 5343 ||| Stepping ~*~*~tactically~*~*~ (outnumbered).
  5346 | D:6      | 5346 ||| INVOKING Heroism.
  5567 | D:6      | 5567 ||| UPGRADING to +3 leather armour of willpower.
  5577 | D:6      | 5577 ||| REMOVING ring of fire.
  5578 | D:6      | 5578 ||| UPGRADING to ring of resist corrosion.
  5579 | D:6      | 5579 ||| UPGRADING to ring of see invisible.
  5580 | D:6      | 5580 ||| READING scroll labelled DEBESO TULLIC.
  5581 | D:6      | 5581 ||| READING scroll labelled BOUBIL GURU.
  5811 | D:7      | Identified the +0 robe "Pitehot" {rElec rCorr Archmagi}
  5932 | D:7      | Reached ** piety under Okawaru
  6159 | D:7      | 6159 ||| DROPPING +0 robe "Pitehot" {rElec rCorr Archmagi}.
  6160 | D:7      | 6160 ||| READING 2 scrolls of identify.
  6160 | D:7      | 6160 ||| IDENTIFYING fizzy puce potion
  6161 | D:7      | 6161 ||| DROPPING potion of berserk rage.
  6215 | D:8      | You fall into a shaft and drop 2 floors!
  6215 | D:10     | Entered Level 10 of the Dungeon
  6225 | D:10     | 6225 ||| Stepping ~*~*~tactically~*~*~ (outnumbered).
  6226 | D:10     | 6226 ||| INVOKING Heroism.
  6233 | D:10     | Reached XP level 10. HP: 63/63 MP: 10/13
  6273 | D:10     | 6273 ||| RETREATING.
  6274 | D:10     | 6274 ||| INVOKING Heroism.
  6278 | D:10     | 6278 ||| Stepping ~*~*~tactically~*~*~ (outnumbered).
  6296 | D:10     | 6296 ||| INVOKING Heroism.
  6472 | D:10     | Found the +8 frozen axe "Frostbite" {freeze, freezing
                  | cloud, *Noise Fly rC+}
  6559 | D:10     | 6559 ||| READING 2 scrolls of identify.
  6559 | D:10     | 6559 ||| IDENTIFYING bubbling brown potion
  6560 | D:10     | 6560 ||| DROPPING potion of ambrosia.
  6577 | D:9      | Reached skill level 12 in Ranged Weapons
  6579 | D:9      | 6579 ||| INVOKING Heroism.
  6771 | D:8      | Reached *** piety under Okawaru
  7012 | D:8      | 7012 ||| RETREATING.
  7113 | D:8      | 7113 ||| RETREATING.
  7115 | D:8      | 7115 ||| Stepping ~*~*~tactically~*~*~ (retreating).
  7134 | D:8      | Reached **** piety under Okawaru
  7135 | D:8      | Reached skill level 9 in Fighting
  7135 | D:8      | Reached XP level 11. HP: 62/71 MP: 14/14
  7202 | D:8      | Found a shimmering altar of Xom.
  7370 | D:8      | Noticed Gastronok
  7371 | D:8      | 7371 ||| INVOKING Heroism.
  7394 | D:8      | Killed Gastronok
  7604 | D:8      | Found a glowing silver altar of Zin.
  7651 | D:8      | Found a burning altar of Makhleb.
  7757 | D:8      | 7757 ||| UPGRADING to +1 hat of see invisible.
  7762 | D:8      | 7762 ||| REMOVING ring of see invisible.
  7763 | D:8      | 7763 ||| READING 2 scrolls of enchant armour.
  7763 | D:8      | 7763 ||| ENCHANTING +1 hat of see invisible.
  7764 | D:8      | 7764 ||| DROPPING ring of see invisible.
  7765 | D:8      | 7765 ||| UPGRADING to +5 ring of evasion.
  7766 | D:8      | 7766 ||| READING scroll labelled KYSUUR BIETREO.
  7770 | D:9      | Found the +7 Spriggan's Knife {stab, EV+4 Stlth+}
  7849 | D:9      | Received a gift from Okawaru
  7952 | D:9      | 7952 ||| Stepping ~*~*~tactically~*~*~ (outnumbered).
  7956 | D:9      | 7956 ||| Stepping ~*~*~tactically~*~*~ (outnumbered).
  7958 | D:9      | 7958 ||| Stepping ~*~*~tactically~*~*~ (outnumbered).
  7969 | D:9      | Found an ancient bone altar of Kikubaaqudgha.
  8048 | D:9      | Found a basalt altar of Yredelemnul.
  8048 | D:9      | Found a hide-covered altar of Uskayaw.
  8261 | D:10     | Reached skill level 6 in Invocations
  8264 | D:10     | 8264 ||| RETREATING.
  8583 | D:10     | Found a broken altar of Ashenzari.
  8633 | D:10     | Reached ***** piety under Okawaru
  8856 | D:10     | Found a staircase to the Lair.
  8860 | D:10     | Noticed a two-headed ogre
  8861 | D:10     | 8861 ||| INVOKING Heroism.
  8866 | D:10     | Killed a two-headed ogre
  8932 | D:10     | Identified the +1 scale mail of Zayk {rN++ SInv} (Okawaru
                  | gifted it to you on level 10 of the Dungeon)
  8932 | D:10     | Received a gift from Okawaru
  9182 | D:10     | 9182 ||| Stepping ~*~*~tactically~*~*~ (outnumbered).
  9184 | D:10     | 9184 ||| INVOKING Heroism.
  9190 | D:10     | 9190 ||| Stepping ~*~*~tactically~*~*~ (retreating).
  9194 | D:10     | Reached XP level 12. HP: 76/76 MP: 16/18
  9262 | D:10     | Found a staircase to the Orcish Mines.
  9275 | D:10     | 9275 ||| PLANNING LAIR
  9309 | Lair:1   | Entered Level 1 of the Lair of Beasts
  9388 | Lair:1   | 9388 ||| INVOKING Heroism.
  9394 | Lair:1   | Reached skill level 9 in Invocations
  9439 | Lair:1   | 9439 ||| INVOKING Heroism.
  9525 | Lair:1   | Identified the +2 sling "Ganuob" {speed, Int+3 Dex+4}
  9569 | Lair:1   | Identified the ring "Vidubof" {rF- AC+4 Str+4 Dex+3}
  9631 | Lair:1   | 9631 ||| FLEEEEING.
  9632 | Lair:1   | 9632 ||| FLEEEEING.
  9633 | Lair:1   | 9633 ||| FLEEEEING.
 10090 | Lair:1   | 10090 ||| UPGRADING to +0 cloak.
 10095 | Lair:1   | 10095 ||| READING 2 scrolls of enchant armour.
 10095 | Lair:1   | 10095 ||| ENCHANTING +0 cloak.
 10096 | Lair:1   | 10096 ||| READING scroll of enchant armour.
 10096 | Lair:1   | 10096 ||| ENCHANTING +1 cloak.
 10097 | Lair:1   | 10097 ||| DROPPING amulet of magic regeneration.
 10098 | Lair:1   | 10098 ||| UPGRADING to ring "Vidubof" {rF- AC+4 Str+4
                  | Dex+3}.
 10100 | Lair:1   | 10100 ||| READING scroll labelled YRIGOLUC VEKI.
 10101 | Lair:1   | 10101 ||| READING 2 scrolls of identify.
 10101 | Lair:1   | 10101 ||| IDENTIFYING fizzy silvery potion
 10102 | Lair:1   | 10102 ||| DROPPING potion of lignification.
 10131 | Lair:2   | Noticed a skyshark
 10132 | Lair:2   | 10132 ||| RETREATING.
 10133 | Lair:2   | 10133 ||| Stepping ~*~*~tactically~*~*~ (retreating).
 10134 | Lair:2   | 10134 ||| STAIRDANCE
 10145 | Lair:2   | 10145 ||| STAIRDANCE
 10147 | Lair:1   | 10147 ||| Stepping ~*~*~tactically~*~*~ (retreating).
 10148 | Lair:1   | 10148 ||| Stepping ~*~*~tactically~*~*~ (retreating).
 10149 | Lair:1   | 10149 ||| Stepping ~*~*~tactically~*~*~ (retreating).
 10150 | Lair:1   | 10150 ||| Stepping ~*~*~tactically~*~*~ (retreating).
 10151 | Lair:1   | 10151 ||| Stepping ~*~*~tactically~*~*~ (retreating).
 10152 | Lair:1   | 10152 ||| INVOKING Heroism.
 10156 | Lair:1   | Reached skill level 6 in Dodging
 10168 | Lair:1   | Killed a skyshark
 10176 | Lair:1   | Reached skill level 3 in Armour
 10196 | Lair:2   | Noticed Urug
 10197 | Lair:2   | 10197 ||| STAIRDANCE
 10199 | Lair:1   | 10199 ||| Stepping ~*~*~tactically~*~*~ (retreating).
 10200 | Lair:1   | 10200 ||| Stepping ~*~*~tactically~*~*~ (retreating).
 10201 | Lair:1   | 10201 ||| Stepping ~*~*~tactically~*~*~ (retreating).
 10202 | Lair:1   | 10202 ||| Stepping ~*~*~tactically~*~*~ (retreating).
 10203 | Lair:1   | 10203 ||| Stepping ~*~*~tactically~*~*~ (retreating).
 10233 | Lair:2   | 10233 ||| INVOKING Heroism.
 10238 | Lair:2   | 10238 ||| STAIRDANCE
 10250 | Lair:2   | 10250 ||| STAIRDANCE
 10259 | Lair:2   | Noticed a seven-headed hydra
 10260 | Lair:2   | 10260 ||| INVOKING Heroism.
 10268 | Lair:2   | 10268 ||| STAIRDANCE
 10275 | Lair:1   | Killed a seven-headed hydra
 10339 | Lair:2   | 10339 ||| INVOKING Heroism.
 10346 | Lair:2   | Killed Urug
 10389 | Lair:2   | 10389 ||| RETREATING.
 10393 | Lair:2   | 10393 ||| STAIRDANCE
 10398 | Lair:2   | 10398 ||| INVOKING Heroism.
 10399 | Lair:2   | 10399 ||| STAIRDANCE
 10412 | Lair:2   | 10412 ||| STAIRDANCE
 10417 | Lair:2   | 10417 ||| STAIRDANCE
 10500 | Lair:2   | 10500 ||| INVOKING Heroism.
 10573 | Lair:2   | Noticed Erica
 10574 | Lair:2   | 10574 ||| RETREATING.
 10590 | Lair:2   | 10590 ||| RETREATING.
 10591 | Lair:2   | 10591 ||| INVOKING Heroism.
 10602 | Lair:2   | Killed Erica
 10702 | Lair:2   | 10702 ||| RETREATING.
 10707 | Lair:2   | 10707 ||| Stepping ~*~*~tactically~*~*~ (retreating).
 10708 | Lair:2   | 10708 ||| Stepping ~*~*~tactically~*~*~ (retreating).
 10742 | Lair:2   | Reached skill level 12 in Fighting
 10851 | Lair:2   | 10851 ||| INVOKING Heroism.
 10859 | Lair:2   | Reached XP level 13. HP: 86/86 MP: 17/20
 11040 | Lair:2   | Identified the +9 mace of Fuvvod {vamp, rPois MP-9 Int+3
                  | Dex+7}
 11298 | Lair:3   | 11298 ||| INVOKING Heroism.
 11326 | Lair:3   | 11326 ||| INVOKING Heroism.
 11480 | Lair:3   | 11480 ||| RETREATING.
 11486 | Lair:3   | 11486 ||| Stepping ~*~*~tactically~*~*~ (retreating).
 11489 | Lair:3   | 11489 ||| Stepping ~*~*~tactically~*~*~ (retreating).
 11761 | Lair:3   | 11761 ||| INVOKING Heroism.
 11765 | Lair:3   | 11765 ||| RETREATING.
 11809 | Lair:3   | 11809 ||| INVOKING Heroism.
 11880 | Lair:3   | 11880 ||| Stepping ~*~*~tactically~*~*~ (outnumbered).
 11884 | Lair:3   | 11884 ||| Stepping ~*~*~tactically~*~*~ (outnumbered).
 11941 | Lair:3   | Received a gift from Okawaru
 11947 | Lair:3   | Found a staircase to the Swamp.
 11948 | Lair:3   | 11948 ||| INVOKING Heroism.
 11962 | Lair:3   | Reached skill level 9 in Dodging
 12112 | Lair:3   | Found a hole to the Spider Nest.
 12113 | Lair:3   | 12113 ||| INVOKING Finesse.
 12344 | Lair:3   | 12344 ||| UPGRADING to +1 pair of gloves of infusion.
 12349 | Lair:3   | 12349 ||| READING 2 scrolls labelled QYXKEU NECVUNG.
 12470 | Lair:4   | 12470 ||| RETREATING.
 12472 | Lair:4   | 12472 ||| Stepping ~*~*~tactically~*~*~ (retreating).
 12473 | Lair:4   | 12473 ||| Stepping ~*~*~tactically~*~*~ (retreating).
 12474 | Lair:4   | 12474 ||| Stepping ~*~*~tactically~*~*~ (retreating).
 12476 | Lair:4   | 12476 ||| Stepping ~*~*~tactically~*~*~ (retreating).
 12477 | Lair:4   | 12477 ||| Stepping ~*~*~tactically~*~*~ (retreating).
 12478 | Lair:4   | 12478 ||| Stepping ~*~*~tactically~*~*~ (retreating).
 12479 | Lair:4   | 12479 ||| Stepping ~*~*~tactically~*~*~ (retreating).
 12480 | Lair:4   | 12480 ||| Stepping ~*~*~tactically~*~*~ (retreating).
 12617 | Lair:4   | 12617 ||| RETREATING.
 12626 | Lair:4   | 12626 ||| Stepping ~*~*~tactically~*~*~ (retreating).
 12664 | Lair:4   | Found a staircase to the Slime Pits.
 12664 | Lair:4   | Found a viscous altar of Jiyva.
 12665 | Lair:4   | 12665 ||| INVOKING Heroism.
 12666 | Lair:4   | 12666 ||| INVOKING Finesse.
 12714 | Lair:4   | 12714 ||| INVOKING Heroism.
 12905 | Lair:4   | 12905 ||| INVOKING Heroism.
 12925 | Lair:4   | 12925 ||| INVOKING Heroism.
 13094 | Lair:4   | 13094 ||| INVOKING Heroism.
 13105 | Lair:4   | 13105 ||| RETREATING.
 13106 | Lair:4   | 13106 ||| Stepping ~*~*~tactically~*~*~ (retreating).
 13111 | Lair:4   | 13111 ||| Stepping ~*~*~tactically~*~*~ (retreating).
 13112 | Lair:4   | 13112 ||| Stepping ~*~*~tactically~*~*~ (retreating).
 13113 | Lair:4   | 13113 ||| Stepping ~*~*~tactically~*~*~ (retreating).
 13114 | Lair:4   | 13114 ||| Stepping ~*~*~tactically~*~*~ (retreating).
 13224 | Lair:4   | 13224 ||| RETREATING.
 13227 | Lair:4   | 13227 ||| RETREATING.
 13229 | Lair:4   | 13229 ||| Stepping ~*~*~tactically~*~*~ (retreating).
 13581 | Lair:4   | 13581 ||| FLEEEEING.
 13582 | Lair:4   | 13582 ||| FLEEEEING.
 13583 | Lair:4   | 13583 ||| FLEEEEING.
 13584 | Lair:4   | 13584 ||| FLEEEEING.
 13585 | Lair:4   | 13585 ||| FLEEEEING.
 13588 | Lair:4   | 13588 ||| FLEEEEING.
 13589 | Lair:4   | 13589 ||| FLEEEEING.
 13591 | Lair:4   | 13591 ||| INVOKING Heroism.
 13812 | Lair:4   | 13812 ||| DROPPING ring of wizardry.
 13813 | Lair:4   | 13813 ||| READING scroll labelled WUADUZ FUSOTA.
 13840 | Lair:5   | Entered Level 5 of the Lair of Beasts
 13841 | Lair:5   | 13841 ||| RETREATING.
 13843 | Lair:5   | 13843 ||| INVOKING Heroism.
 13853 | Lair:5   | Gained mutation: Your large and strong wings let you fly.
                  | [Gargoyle growth]
 13853 | Lair:5   | Reached XP level 14. HP: 90/96 MP: 19/21
 14235 | Lair:5   | 14235 ||| INVOKING Heroism.
 14245 | Lair:5   | 14245 ||| RETREATING.
 14246 | Lair:5   | 14246 ||| Stepping ~*~*~tactically~*~*~ (retreating).
 14247 | Lair:5   | 14247 ||| Stepping ~*~*~tactically~*~*~ (retreating).
 14248 | Lair:5   | 14248 ||| Stepping ~*~*~tactically~*~*~ (retreating).
 14265 | Lair:5   | 14265 ||| INVOKING Heroism.
 14541 | Lair:5   | 14541 ||| INVOKING Heroism.
 14638 | Lair:5   | Reached skill level 15 in Fighting
 14642 | Lair:5   | 14642 ||| Stepping ~*~*~tactically~*~*~ (retreating).
 14643 | Lair:5   | 14643 ||| Stepping ~*~*~tactically~*~*~ (retreating).
 14644 | Lair:5   | 14644 ||| Stepping ~*~*~tactically~*~*~ (retreating).
 14645 | Lair:5   | 14645 ||| INVOKING Heroism.
 14647 | Lair:5   | 14647 ||| Stepping ~*~*~tactically~*~*~ (retreating).
 14648 | Lair:5   | 14648 ||| Stepping ~*~*~tactically~*~*~ (retreating).
 14696 | Lair:5   | Reached skill level 6 in Armour
 14942 | Lair:5   | 14942 ||| RETREATING.
 14943 | Lair:5   | 14943 ||| Stepping ~*~*~tactically~*~*~ (retreating).
 14944 | Lair:5   | 14944 ||| INVOKING Heroism.
 14976 | Lair:5   | 14976 ||| INVOKING Heroism.
 15043 | Lair:5   | 15043 ||| INVOKING Heroism.
 15099 | Lair:5   | 15099 ||| INVOKING Heroism.
 15178 | Lair:5   | 15178 ||| RETREATING.
 15181 | Lair:5   | 15181 ||| Stepping ~*~*~tactically~*~*~ (retreating).
 15182 | Lair:5   | 15182 ||| Stepping ~*~*~tactically~*~*~ (retreating).
 15184 | Lair:5   | 15184 ||| Stepping ~*~*~tactically~*~*~ (retreating).
 15185 | Lair:5   | 15185 ||| Stepping ~*~*~tactically~*~*~ (retreating).
 15186 | Lair:5   | 15186 ||| Stepping ~*~*~tactically~*~*~ (retreating).
 15187 | Lair:5   | 15187 ||| Stepping ~*~*~tactically~*~*~ (retreating).
 15188 | Lair:5   | 15188 ||| Stepping ~*~*~tactically~*~*~ (retreating).
 15189 | Lair:5   | 15189 ||| Stepping ~*~*~tactically~*~*~ (retreating).
 15190 | Lair:5   | 15190 ||| Stepping ~*~*~tactically~*~*~ (retreating).
 15540 | Lair:5   | 15540 ||| PLANNING D:1-11
 15540 | Lair:5   | 15540 ||| UPGRADING to scarf of resistance.
 15550 | Lair:5   | 15550 ||| DROPPING ring of fire.
 15551 | Lair:5   | 15551 ||| DROPPING ring of see invisible.
 15552 | Lair:5   | 15552 ||| DROPPING ring of positive energy.
 15553 | Lair:5   | 15553 ||| DROPPING ring of resist corrosion.
 15554 | Lair:5   | 15554 ||| UPGRADING to +6 ring of dexterity.
 15556 | Lair:5   | 15556 ||| UPGRADING to ring "Vidubof" {rF- AC+4 Str+4
                  | Dex+3}.
 15719 | D:11     | Found Vuitsoch's Antique Armour Shop.
 15719 | D:11     | Found Ronyst's Armour Shop.
 15720 | D:11     | 15720 ||| Stepping ~*~*~tactically~*~*~ (outnumbered).
 15721 | D:11     | 15721 ||| Stepping ~*~*~tactically~*~*~ (outnumbered).
 15724 | D:11     | 15724 ||| Stepping ~*~*~tactically~*~*~ (outnumbered).
 15725 | D:11     | 15725 ||| Stepping ~*~*~tactically~*~*~ (outnumbered).
 15726 | D:11     | 15726 ||| Stepping ~*~*~tactically~*~*~ (outnumbered).
 15761 | D:11     | 15761 ||| FLEEEEING.
 15762 | D:11     | 15762 ||| STAIRDANCE
 15826 | D:11     | 15826 ||| STAIRDANCE
 15842 | D:11     | 15842 ||| STAIRDANCE
 15876 | D:11     | 15876 ||| STAIRDANCE
 15889 | D:11     | 15889 ||| STAIRDANCE
 15895 | D:11     | 15895 ||| BUYING runed leather armour (175 gold).
 15895 | D:11     | Bought a runed leather armour for 175 gold pieces
 15895 | D:11     | 15895 ||| BUYING runed leather armour (175 gold).
 15895 | D:11     | Bought a runed leather armour for 175 gold pieces
 15960 | D:11     | 15960 ||| INVOKING Heroism.
 15964 | D:11     | 15964 ||| Stepping ~*~*~tactically~*~*~ (retreating).
 16053 | D:11     | Found Vatolaq's General Store.
 16061 | D:11     | 16061 ||| BUYING +3 ring mail "Gebedogi" {Regen+ Str-4
                  | SInv} (305 gold).
 16061 | D:11     | Bought the +3 ring mail "Gebedogi" {Regen+ Str-4 SInv} for
                  | 305 gold pieces
 16061 | D:11     | 16061 ||| BUYING scroll of identify (28 gold).
 16061 | D:11     | Bought a scroll of identify for 28 gold pieces
 16061 | D:11     | 16061 ||| BUYING scroll of identify (28 gold).
 16061 | D:11     | Bought a scroll of identify for 28 gold pieces
 16070 | D:11     | Found Muerghet's Armour Shoppe.
 16113 | D:11     | 16113 ||| INVOKING Heroism.
 16557 | D:11     | Paralysed by a floating eye for 2 turns
 16574 | D:11     | 16574 ||| INVOKING Heroism.
 16593 | D:11     | 16593 ||| Stepping ~*~*~tactically~*~*~ (outnumbered).
 16597 | D:11     | 16597 ||| Stepping ~*~*~tactically~*~*~ (retreating).
 16598 | D:11     | 16598 ||| Stepping ~*~*~tactically~*~*~ (retreating).
 16599 | D:11     | 16599 ||| Stepping ~*~*~tactically~*~*~ (retreating).
 16600 | D:11     | 16600 ||| Stepping ~*~*~tactically~*~*~ (retreating).
 16603 | D:11     | 16603 ||| Stepping ~*~*~tactically~*~*~ (retreating).
 16604 | D:11     | 16604 ||| Stepping ~*~*~tactically~*~*~ (retreating).
 16605 | D:11     | 16605 ||| Stepping ~*~*~tactically~*~*~ (retreating).
 16983 | D:11     | 16983 ||| PLANNING D
 16983 | D:11     | 16983 ||| DROPPING +1 leather armour of poison resistance.
 16984 | D:11     | 16984 ||| DROPPING +2 robe of cold resistance.
 16985 | D:11     | 16985 ||| DROPPING +1 leather armour of poison resistance.
 16986 | D:11     | 16986 ||| UPGRADING to +3 ring mail "Gebedogi" {Regen+
                  | Str-4 SInv}.
 16996 | D:11     | 16996 ||| DROPPING +3 leather armour of willpower.
 17197 | D:12     | 17197 ||| RETREATING.
 17198 | D:12     | 17198 ||| Stepping ~*~*~tactically~*~*~ (retreating).
 17199 | D:12     | 17199 ||| Stepping ~*~*~tactically~*~*~ (retreating).
 17200 | D:12     | 17200 ||| Stepping ~*~*~tactically~*~*~ (retreating).
 17201 | D:12     | 17201 ||| INVOKING Heroism.
 17230 | D:12     | HP: 22/100 [death yak (6)]
 17231 | D:12     | 17231 ||| READING 2 scrolls of teleportation.
 17232 | D:12     | 17232 ||| DRINKING 4 potions of heal wounds.
 17355 | D:12     | 17355 ||| Stepping ~*~*~tactically~*~*~ (outnumbered).
 17396 | D:12     | Received a gift from Okawaru
 17457 | D:12     | 17457 ||| INVOKING Heroism.
 17458 | D:12     | 17458 ||| INVOKING Finesse.
 17459 | D:12     | 17459 ||| Stepping ~*~*~tactically~*~*~ (retreating).
 17460 | D:12     | 17460 ||| Stepping ~*~*~tactically~*~*~ (retreating).
 17461 | D:12     | 17461 ||| Stepping ~*~*~tactically~*~*~ (retreating).
 17462 | D:12     | 17462 ||| Stepping ~*~*~tactically~*~*~ (retreating).
 17463 | D:12     | 17463 ||| Stepping ~*~*~tactically~*~*~ (retreating).
 17466 | D:12     | Reached XP level 15. HP: 104/104 MP: 15/22
 17545 | D:12     | 17545 ||| INVOKING Heroism.
 17545 | D:12     | Paralysed by an ogre mage for 2 turns
 17559 | D:12     | 17559 ||| Stepping ~*~*~tactically~*~*~ (retreating).
 17560 | D:12     | 17560 ||| Stepping ~*~*~tactically~*~*~ (retreating).
 17561 | D:12     | 17561 ||| RETREATING.
 17970 | D:12     | 17970 ||| DROPPING +2 robe of positive energy.
 17971 | D:12     | 17971 ||| UPGRADING to +2 pair of gloves.
 17981 | D:12     | 17981 ||| DROPPING +1 pair of gloves of infusion.
 18006 | D:13     | 18006 ||| SWAPPING to +2 orcbow of flaming.
 18007 | D:13     | 18007 ||| DROPPING +3 shortbow of Turmoil {freeze, Contam
                  | rC+ Dex+4}.
 18008 | D:13     | 18008 ||| DROPPING +0 orcbow.
 18009 | D:13     | 18009 ||| READING 2 scrolls of brand weapon.
 18009 | D:13     | 18009 ||| BRANDING +2 orcbow of flaming.
 18010 | D:13     | 18010 ||| READING scroll of enchant weapon.
 18010 | D:13     | 18010 ||| ENCHANTING +2 heavy orcbow.
 18011 | D:13     | Gained mutation: You are occasionally teleported next to
                  | monsters. [mutagenic glow]
 18016 | D:13     | 18016 ||| Stepping ~*~*~tactically~*~*~ (outnumbered).
 18017 | D:13     | 18017 ||| DRINKING 2 potions of mutation.
 18017 | D:13     | Lost mutation: Your spells are a little easier to cast, but
                  | a little less powerful. [potion of mutation]
 18017 | D:13     | Lost mutation: You are occasionally teleported next to
                  | monsters. [potion of mutation]
 18017 | D:13     | Lost mutation: You have a pair of small antennae on your
                  | head. [potion of mutation]
 18017 | D:13     | Gained mutation: Your flesh is heat resistant. (rF+)
                  | [potion of mutation]
 18017 | D:13     | Gained mutation: [You are frail. (-10% HP)] [potion of
                  | mutation]
 18032 | D:13     | 18032 ||| DRINKING potion of mutation.
 18032 | D:13     | Lost mutation: You have large cloven feet. [potion of
                  | mutation]
 18032 | D:13     | Lost mutation: Your flesh is heat resistant. (rF+) [potion
                  | of mutation]
 18032 | D:13     | Lost mutation: [You are frail. (-10% HP)] [potion of
                  | mutation]
 18032 | D:13     | Gained mutation: Your mind is acute. (Int +4, Str/Dex -1)
                  | [potion of mutation]
 18032 | D:13     | Gained mutation: You have hidden genetic defects. [potion
                  | of mutation]
 18032 | D:13     | Gained mutation: You are robust. (+10% HP) [potion of
                  | mutation]
 18045 | D:13     | 18045 ||| Stepping ~*~*~tactically~*~*~ (outnumbered).
 18051 | D:13     | 18051 ||| Stepping ~*~*~tactically~*~*~ (outnumbered).
 18057 | D:13     | Noticed Sonja
 18058 | D:13     | 18058 ||| Stepping ~*~*~tactically~*~*~ (outnumbered).
 18060 | D:13     | 18060 ||| Stepping ~*~*~tactically~*~*~ (outnumbered).
 18061 | D:13     | 18061 ||| Stepping ~*~*~tactically~*~*~ (outnumbered).
 18062 | D:13     | 18062 ||| Stepping ~*~*~tactically~*~*~ (outnumbered).
 18068 | D:13     | Killed Sonja
 18092 | D:13     | Identified the +4 scale mail of the Heavens {Fly rElec
                  | Stlth+}
 18113 | D:13     | Noticed Jorgrun
 18114 | D:13     | 18114 ||| INVOKING Heroism.
 18128 | D:13     | Killed Jorgrun
 18228 | D:13     | Found a frozen archway.
 18511 | D:13     | 18511 ||| READING scroll labelled NURILO DAMEUCI.
 18574 | D:14     | 18574 ||| RETREATING.
 18648 | D:14     | Noticed Agnes
 18649 | D:14     | 18649 ||| INVOKING Heroism.
 18657 | D:14     | 18657 ||| Stepping ~*~*~tactically~*~*~ (retreating).
 18658 | D:14     | 18658 ||| Stepping ~*~*~tactically~*~*~ (retreating).
 18662 | D:14     | Killed Agnes
 18672 | D:14     | Reached skill level 15 in Ranged Weapons
 18770 | D:14     | Found a basalt altar of Yredelemnul.
 18776 | D:14     | 18776 ||| INVOKING Heroism.
 18786 | D:14     | Gained mutation: Your spells are a little easier to cast,
                  | but a little less powerful. [hidden defects]
 19042 | D:14     | 19042 ||| Stepping ~*~*~tactically~*~*~ (outnumbered).
 19043 | D:14     | 19043 ||| Stepping ~*~*~tactically~*~*~ (outnumbered).
 19044 | D:14     | Paralysed by a centaur for 2 turns
 19054 | D:14     | 19054 ||| Stepping ~*~*~tactically~*~*~ (outnumbered).
 19163 | D:14     | 19163 ||| INVOKING Heroism.
 19199 | D:14     | Received a gift from Okawaru
 19209 | D:14     | 19209 ||| Stepping ~*~*~tactically~*~*~ (retreating).
 19210 | D:14     | 19210 ||| Stepping ~*~*~tactically~*~*~ (retreating).
 19211 | D:14     | 19211 ||| Stepping ~*~*~tactically~*~*~ (retreating).
 19212 | D:14     | 19212 ||| Stepping ~*~*~tactically~*~*~ (retreating).
 19213 | D:14     | 19213 ||| Stepping ~*~*~tactically~*~*~ (retreating).
 19219 | D:14     | 19219 ||| Stepping ~*~*~tactically~*~*~ (retreating).
 19371 | D:14     | 19371 ||| Stepping ~*~*~tactically~*~*~ (retreating).
 19372 | D:14     | 19372 ||| Stepping ~*~*~tactically~*~*~ (retreating).
 19373 | D:14     | 19373 ||| Stepping ~*~*~tactically~*~*~ (retreating).
 19374 | D:14     | 19374 ||| Stepping ~*~*~tactically~*~*~ (retreating).
 19375 | D:14     | 19375 ||| Stepping ~*~*~tactically~*~*~ (retreating).
 19376 | D:14     | 19376 ||| Stepping ~*~*~tactically~*~*~ (retreating).
 19377 | D:14     | 19377 ||| Stepping ~*~*~tactically~*~*~ (retreating).
 19378 | D:14     | 19378 ||| Stepping ~*~*~tactically~*~*~ (retreating).
 19379 | D:14     | 19379 ||| Stepping ~*~*~tactically~*~*~ (retreating).
 19380 | D:14     | 19380 ||| Stepping ~*~*~tactically~*~*~ (retreating).
 19405 | D:14     | Gained mutation: [You are clumsy. (Dex -2)] [hidden
                  | defects]
 19405 | D:14     | Lost mutation: You have hidden genetic defects. [hidden
                  | defects expressed]
 19439 | D:14     | Found a gate to the Vaults.
 19527 | D:14     | 19527 ||| DROPPING +1 pair of gloves.
 19528 | D:14     | 19528 ||| DROPPING ring of willpower.
 19580 | D:15     | Entered Level 15 of the Dungeon
 19839 | D:15     | 19839 ||| INVOKING Heroism.
 19842 | D:15     | 19842 ||| RETREATING.
 19952 | D:15     | 19952 ||| INVOKING Heroism.
 20015 | D:15     | Found a shadowy altar of Dithmenos.
 20222 | D:15     | 20222 ||| INVOKING Heroism.
 20279 | D:15     | Found a staircase to the Depths.
 20280 | D:15     | 20280 ||| INVOKING Heroism.
 20386 | D:15     | 20386 ||| SWAPPING to +0 longbow.
 20387 | D:15     | 20387 ||| DROPPING +3 heavy orcbow.
 20388 | D:15     | 20388 ||| READING scroll of brand weapon.
 20388 | D:15     | 20388 ||| BRANDING +0 longbow.
 20479 | D:15     | Reached XP level 16. HP: 125/125 MP: 23/23
 20500 | D:15     | 20500 ||| PLANNING ORC
 20500 | D:15     | 20500 ||| DROPPING amulet of the acrobat.
 20653 | Orc:1    | Entered Level 1 of the Orcish Mines
 20654 | Orc:1    | 20654 ||| STAIRDANCE
 20778 | Orc:2    | Entered Level 2 of the Orcish Mines
 20778 | Orc:2    | Noticed Rupert
 20779 | Orc:2    | 20779 ||| INVOKING Heroism.
 20780 | Orc:2    | 20780 ||| STAIRDANCE
 20792 | Orc:2    | 20792 ||| STAIRDANCE
 20796 | Orc:1    | 20796 ||| DRINKING 10 potions of curing.
 20796 | Orc:1    | 20796 ||| (to cure confusion)
 20807 | Orc:1    | 20807 ||| DRINKING 9 potions of curing.
 20807 | Orc:1    | 20807 ||| (to cure confusion)
 20808 | Orc:1    | Killed Rupert
 21077 | Orc:2    | 21077 ||| RETREATING.
 21082 | Orc:2    | 21082 ||| INVOKING Heroism.
 21086 | Orc:2    | 21086 ||| Stepping ~*~*~tactically~*~*~ (outnumbered).
 21087 | Orc:2    | 21087 ||| Stepping ~*~*~tactically~*~*~ (outnumbered).
 21090 | Orc:2    | Paralysed by an orc sorcerer for 2 turns
 21171 | Orc:2    | 21171 ||| INVOKING Heroism.
 21174 | Orc:2    | 21174 ||| RETREATING.
 21176 | Orc:2    | 21176 ||| INVOKING Finesse.
 21284 | Orc:1    | Noticed Nergalle
 21285 | Orc:1    | 21285 ||| Stepping ~*~*~tactically~*~*~ (retreating).
 21286 | Orc:1    | 21286 ||| Stepping ~*~*~tactically~*~*~ (retreating).
 21287 | Orc:1    | 21287 ||| Stepping ~*~*~tactically~*~*~ (retreating).
 21288 | Orc:1    | 21288 ||| Stepping ~*~*~tactically~*~*~ (retreating).
 21289 | Orc:1    | 21289 ||| Stepping ~*~*~tactically~*~*~ (retreating).
 21290 | Orc:1    | 21290 ||| Stepping ~*~*~tactically~*~*~ (retreating).
 21291 | Orc:1    | 21291 ||| INVOKING Heroism.
 21305 | Orc:1    | Killed Nergalle
 21495 | Orc:2    | 21495 ||| Stepping ~*~*~tactically~*~*~ (outnumbered).
 21557 | Orc:2    | 21557 ||| INVOKING Heroism.
 21690 | Orc:2    | 21690 ||| FLEEEEING.
 21691 | Orc:2    | 21691 ||| FLEEEEING.
 21692 | Orc:2    | 21692 ||| FLEEEEING.
 21693 | Orc:2    | 21693 ||| FLEEEEING.
 21698 | Orc:2    | 21698 ||| FLEEEEING.
 21699 | Orc:2    | 21699 ||| FLEEEEING.
 21700 | Orc:2    | 21700 ||| FLEEEEING.
 21701 | Orc:2    | 21701 ||| FLEEEEING.
 21702 | Orc:2    | 21702 ||| FLEEEEING.
 21703 | Orc:2    | 21703 ||| FLEEEEING.
 21714 | Orc:2    | Noticed Snorg
 21723 | Orc:2    | 21723 ||| INVOKING Heroism.
 21732 | Orc:2    | Killed Snorg
 21786 | Orc:2    | 21786 ||| INVOKING Heroism.
 21956 | Orc:2    | 21956 ||| INVOKING Heroism.
 22012 | Orc:2    | 22012 ||| Stepping ~*~*~tactically~*~*~ (outnumbered).
 22014 | Orc:2    | 22014 ||| Stepping ~*~*~tactically~*~*~ (outnumbered).
 22059 | Orc:2    | 22059 ||| Stepping ~*~*~tactically~*~*~ (outnumbered).
 22090 | Orc:2    | 22090 ||| INVOKING Heroism.
 22135 | Orc:2    | 22135 ||| FLEEEEING.
 22180 | Orc:2    | Found a staircase to the Elven Halls.
 22287 | Orc:2    | 22287 ||| RETREATING.
 22288 | Orc:2    | 22288 ||| INVOKING Heroism.
 22343 | Orc:2    | Found Xicuicau's Weapon Shop.
 22402 | Orc:2    | Found Kifeuf's Antique Weapon Shoppe.
 22404 | Orc:2    | Found Vopo's Antique Armour Emporium.
 22417 | Orc:2    | 22417 ||| BUYING steaming troll leather armour (380 gold).
 22417 | Orc:2    | Bought a steaming troll leather armour for 380 gold pieces
 22417 | Orc:2    | Identified the +2 troll leather armour of Jog Pilulecs
                  | {Will+ Regen+ Dex+3 SInv} (You bought it in a shop on level
                  | 2 of the Orcish Mines)
 22531 | Orc:2    | Found Xabbotaph's Jewellery Emporium.
 22536 | Orc:2    | 22536 ||| BUYING amulet of faith (480 gold).
 22536 | Orc:2    | Bought an amulet of faith for 480 gold pieces
 22536 | Orc:2    | 22536 ||| BUYING ring of protection from fire (300 gold).
 22536 | Orc:2    | Bought a ring of protection from fire for 300 gold pieces
 22536 | Orc:2    | 22536 ||| PLANNING SWAMP:1-3
 22536 | Orc:2    | 22536 ||| UPGRADING to +2 troll leather armour of Jog
                  | Pilulecs {Will+ Regen+ Dex+3 SInv}.
 22546 | Orc:2    | 22546 ||| DROPPING +3 ring mail "Gebedogi" {Regen+ Str-4
                  | SInv}.
 22547 | Orc:2    | 22547 ||| UPGRADING to amulet of faith.
 22557 | Orc:2    | 22557 ||| DROPPING ring of fire.
 22768 | Swamp:1  | Entered Level 1 of the Swamp
 22779 | Swamp:1  | 22779 ||| INVOKING Heroism.
 22903 | Swamp:1  | 22903 ||| INVOKING Heroism.
 22926 | Swamp:1  | 22926 ||| Stepping ~*~*~tactically~*~*~ (outnumbered).
 22928 | Swamp:1  | 22928 ||| Stepping ~*~*~tactically~*~*~ (outnumbered).
 22929 | Swamp:1  | 22929 ||| Stepping ~*~*~tactically~*~*~ (outnumbered).
 23144 | Swamp:1  | 23144 ||| INVOKING Heroism.
 23154 | Swamp:1  | Reached skill level 18 in Ranged Weapons
 23367 | Swamp:2  | Noticed Mlioglotl
 23368 | Swamp:2  | 23368 ||| RETREATING.
 23369 | Swamp:2  | 23369 ||| INVOKING Heroism.
 23370 | Swamp:2  | 23370 ||| Stepping ~*~*~tactically~*~*~ (retreating).
 23371 | Swamp:2  | 23371 ||| STAIRDANCE
 23382 | Swamp:2  | 23382 ||| STAIRDANCE
 23393 | Swamp:2  | 23393 ||| Stepping ~*~*~tactically~*~*~ (retreating).
 23394 | Swamp:2  | 23394 ||| Stepping ~*~*~tactically~*~*~ (retreating).
 23395 | Swamp:2  | 23395 ||| Stepping ~*~*~tactically~*~*~ (retreating).
 23396 | Swamp:2  | 23396 ||| Stepping ~*~*~tactically~*~*~ (retreating).
 23400 | Swamp:2  | Noticed a bone dragon
 23409 | Swamp:2  | Killed Mlioglotl
 23410 | Swamp:2  | 23410 ||| Stepping ~*~*~tactically~*~*~ (retreating).
 23411 | Swamp:2  | 23411 ||| Stepping ~*~*~tactically~*~*~ (retreating).
 23423 | Swamp:2  | 23423 ||| INVOKING Heroism.
 23473 | Swamp:2  | 23473 ||| FLEEEEING.
 23474 | Swamp:2  | 23474 ||| FLEEEEING.
 23556 | Swamp:2  | 23556 ||| INVOKING Heroism.
 23581 | Swamp:2  | Identified the +9 scale mail of Eternal Vigilance {rC+
                  | rCorr SInv}
 23656 | Swamp:2  | 23656 ||| INVOKING Heroism.
 23662 | Swamp:2  | 23662 ||| Stepping ~*~*~tactically~*~*~ (retreating).
 23663 | Swamp:2  | 23663 ||| Stepping ~*~*~tactically~*~*~ (retreating).
 23668 | Swamp:2  | 23668 ||| Stepping ~*~*~tactically~*~*~ (retreating).
 23867 | Swamp:2  | Noticed Roxanne
 23868 | Swamp:2  | 23868 ||| INVOKING Heroism.
 23869 | Swamp:2  | 23869 ||| INVOKING Finesse.
 23887 | Swamp:2  | Killed Roxanne
 24145 | Swamp:3  | 24145 ||| Stepping ~*~*~tactically~*~*~ (retreating).
 24148 | Swamp:3  | 24148 ||| Stepping ~*~*~tactically~*~*~ (retreating).
 24149 | Swamp:3  | 24149 ||| Stepping ~*~*~tactically~*~*~ (retreating).
 24191 | Swamp:3  | 24191 ||| INVOKING Heroism.
 24288 | Swamp:3  | 24288 ||| INVOKING Heroism.
 24330 | Swamp:3  | 24330 ||| INVOKING Heroism.
 24335 | Swamp:3  | Reached XP level 17. HP: 130/130 MP: 21/24
 24655 | Swamp:3  | 24655 ||| PLANNING SPIDER:1-3
 24803 | Spider:1 | Entered Level 1 of the Spider Nest
 24804 | Spider:1 | 24804 ||| RETREATING.
 24806 | Spider:1 | 24806 ||| INVOKING Finesse.
 24857 | Spider:1 | 24857 ||| Stepping ~*~*~tactically~*~*~ (outnumbered).
 24858 | Spider:1 | 24858 ||| Stepping ~*~*~tactically~*~*~ (outnumbered).
 24923 | Spider:1 | 24923 ||| INVOKING Heroism.
 24966 | Spider:1 | Noticed Donald
 24967 | Spider:1 | 24967 ||| INVOKING Finesse.
 24992 | Spider:1 | Killed Donald
 25183 | Spider:1 | 25183 ||| FLEEEEING.
 25187 | Spider:1 | 25187 ||| FLEEEEING.
 25188 | Spider:1 | 25188 ||| FLEEEEING.
 25190 | Spider:1 | 25190 ||| FLEEEEING.
 25191 | Spider:1 | 25191 ||| FLEEEEING.
 25193 | Spider:1 | 25193 ||| FLEEEEING.
 25194 | Spider:1 | 25194 ||| FLEEEEING.
 25195 | Spider:1 | 25195 ||| FLEEEEING.
 25196 | Spider:1 | 25196 ||| FLEEEEING.
 25197 | Spider:1 | 25197 ||| FLEEEEING.
 25199 | Spider:1 | 25199 ||| FLEEEEING.
 25200 | Spider:1 | 25200 ||| FLEEEEING.
 25201 | Spider:1 | 25201 ||| FLEEEEING.
 25202 | Spider:1 | 25202 ||| FLEEEEING.
 25203 | Spider:1 | 25203 ||| FLEEEEING.
 25204 | Spider:1 | 25204 ||| FLEEEEING.
 25205 | Spider:1 | 25205 ||| FLEEEEING.
 25206 | Spider:1 | 25206 ||| FLEEEEING.
 25207 | Spider:1 | 25207 ||| FLEEEEING.
 25209 | Spider:1 | 25209 ||| FLEEEEING.
 25210 | Spider:1 | 25210 ||| FLEEEEING.
 25211 | Spider:1 | 25211 ||| FLEEEEING.
 25276 | Spider:1 | Identified the +3 leather armour of Apathy {Int+2 Stlth+}
 25334 | Spider:1 | Noticed Louise
 25340 | Abyss:2  | Cast into level 2 of the Abyss (Louise)
 25446 | Abyss:2  | Gained mutation: You sometimes lose your temper in combat.
                  | [a neqoxec]
 25448 | Abyss:2  | 25448 ||| DRINKING potion of mutation.
 25448 | Abyss:2  | Lost mutation: You sometimes lose your temper in combat.
                  | [potion of mutation]
 25448 | Abyss:2  | Lost mutation: You are robust. (+10% HP) [potion of
                  | mutation]
 25448 | Abyss:2  | Lost mutation: Your spells are a little easier to cast, but
                  | a little less powerful. [potion of mutation]
 25448 | Abyss:2  | Lost mutation: Your mind is acute. (Int +4, Str/Dex -1)
                  | [potion of mutation]
 25448 | Abyss:2  | Gained mutation: Your mind is acute. (Int +4, Str/Dex -1)
                  | [potion of mutation]
 25452 | Abyss:2  | Noticed a bone dragon
 25460 | Abyss:2  | 25460 ||| INVOKING Heroism.
 25465 | Abyss:2  | Noticed a lich
 25466 | Abyss:2  | 25466 ||| Stepping ~*~*~tactically~*~*~ (retreating).
 25467 | Abyss:2  | 25467 ||| Stepping ~*~*~tactically~*~*~ (retreating).
 25468 | Abyss:2  | 25468 ||| Stepping ~*~*~tactically~*~*~ (retreating).
 25469 | Abyss:2  | 25469 ||| Stepping ~*~*~tactically~*~*~ (retreating).
 25470 | Abyss:2  | 25470 ||| Stepping ~*~*~tactically~*~*~ (retreating).
 25471 | Abyss:2  | 25471 ||| Stepping ~*~*~tactically~*~*~ (retreating).
 25472 | Abyss:2  | 25472 ||| INVOKING Finesse.
 25472 | Abyss:2  | Noticed a tentacled starspawn
 25473 | Abyss:2  | 25473 ||| Stepping ~*~*~tactically~*~*~ (retreating).
 25474 | Abyss:2  | 25474 ||| Stepping ~*~*~tactically~*~*~ (retreating).
 25475 | Abyss:2  | 25475 ||| Stepping ~*~*~tactically~*~*~ (retreating).
 25476 | Abyss:2  | 25476 ||| Stepping ~*~*~tactically~*~*~ (retreating).
 25482 | Abyss:2  | Killed a bone dragon
 25483 | Abyss:2  | 25483 ||| Stepping ~*~*~tactically~*~*~ (outnumbered).
 25491 | Abyss:2  | Killed a lich
 25749 | Abyss:2  | 25749 ||| Stepping ~*~*~tactically~*~*~ (retreating).
 25758 | Abyss:2  | 25758 ||| Stepping ~*~*~tactically~*~*~ (retreating).
 25759 | Abyss:2  | 25759 ||| Stepping ~*~*~tactically~*~*~ (retreating).
 25760 | Abyss:2  | 25760 ||| INVOKING Heroism.
 25886 | Spider:1 | Escaped the Abyss
 25899 | Spider:1 | Killed Louise
 25931 | Spider:1 | 25931 ||| INVOKING Heroism.
 26225 | Spider:1 | 26225 ||| UPGRADING to +0 pair of boots.
 26230 | Spider:1 | 26230 ||| READING 15 scrolls of identify.
 26230 | Spider:1 | 26230 ||| IDENTIFYING smoky orange potion
 26247 | Spider:2 | 26247 ||| RETREATING.
 26249 | Spider:2 | 26249 ||| Stepping ~*~*~tactically~*~*~ (retreating).
 26250 | Spider:2 | 26250 ||| INVOKING Heroism.
 26266 | Spider:2 | 26266 ||| INVOKING Finesse.
 26268 | Spider:2 | 26268 ||| INVOKING Finesse.
 26272 | Spider:2 | Reached skill level 12 in Dodging
 26439 | Spider:2 | 26439 ||| INVOKING Heroism.
 26442 | Spider:2 | 26442 ||| Stepping ~*~*~tactically~*~*~ (retreating).
 26443 | Spider:2 | 26443 ||| Stepping ~*~*~tactically~*~*~ (retreating).
 26447 | Spider:2 | 26447 ||| Stepping ~*~*~tactically~*~*~ (retreating).
 26448 | Spider:2 | 26448 ||| Stepping ~*~*~tactically~*~*~ (retreating).
 26450 | Spider:2 | 26450 ||| Stepping ~*~*~tactically~*~*~ (retreating).
 26451 | Spider:2 | 26451 ||| STAIRDANCE
 26454 | Spider:1 | Reached skill level 18 in Fighting
 26457 | Spider:2 | 26457 ||| STAIRDANCE
 26481 | Spider:2 | 26481 ||| INVOKING Finesse.
 26482 | Spider:2 | 26482 ||| INVOKING Finesse.
 26561 | Spider:2 | 26561 ||| INVOKING Heroism.
 26595 | Spider:2 | 26595 ||| INVOKING Heroism.
 26596 | Spider:2 | 26596 ||| RETREATING.
 26646 | Spider:2 | 26646 ||| RETREATING.
 26647 | Spider:2 | 26647 ||| INVOKING Finesse.
 26671 | Spider:2 | 26671 ||| INVOKING Heroism.
 26766 | Spider:2 | 26766 ||| Stepping ~*~*~tactically~*~*~ (outnumbered).
 26767 | Spider:2 | 26767 ||| RETREATING.
 26768 | Spider:2 | 26768 ||| INVOKING Heroism.
 26769 | Spider:2 | 26769 ||| INVOKING Finesse.
 26770 | Spider:2 | 26770 ||| RETREATING.
 26771 | Spider:2 | 26771 ||| Stepping ~*~*~tactically~*~*~ (retreating).
 26772 | Spider:2 | 26772 ||| Stepping ~*~*~tactically~*~*~ (retreating).
 26773 | Spider:2 | 26773 ||| Stepping ~*~*~tactically~*~*~ (retreating).
 26774 | Spider:2 | 26774 ||| Stepping ~*~*~tactically~*~*~ (retreating).
 26775 | Spider:2 | 26775 ||| Stepping ~*~*~tactically~*~*~ (retreating).
 26776 | Spider:2 | 26776 ||| Stepping ~*~*~tactically~*~*~ (retreating).
 26777 | Spider:2 | 26777 ||| Stepping ~*~*~tactically~*~*~ (retreating).
 26778 | Spider:2 | 26778 ||| Stepping ~*~*~tactically~*~*~ (retreating).
 26808 | Spider:2 | 26808 ||| Stepping ~*~*~tactically~*~*~ (outnumbered).
 26809 | Spider:2 | 26809 ||| RETREATING.
 26814 | Spider:2 | 26814 ||| Stepping ~*~*~tactically~*~*~ (outnumbered).
 26815 | Spider:2 | 26815 ||| RETREATING.
 26817 | Spider:2 | Identified the +0 scale mail of Darkness {Harm Str+4 SInv}
                  | (Okawaru gifted it to you on level 2 of the Spider Nest)
 26817 | Spider:2 | Received a gift from Okawaru
 26885 | Spider:2 | 26885 ||| RETREATING.
 26894 | Spider:2 | 26894 ||| Stepping ~*~*~tactically~*~*~ (retreating).
 26898 | Spider:2 | 26898 ||| Stepping ~*~*~tactically~*~*~ (retreating).
 26899 | Spider:2 | 26899 ||| Stepping ~*~*~tactically~*~*~ (retreating).
 26900 | Spider:2 | 26900 ||| Stepping ~*~*~tactically~*~*~ (retreating).
 26901 | Spider:2 | 26901 ||| Stepping ~*~*~tactically~*~*~ (retreating).
 26902 | Spider:2 | 26902 ||| Stepping ~*~*~tactically~*~*~ (retreating).
 26903 | Spider:2 | 26903 ||| Stepping ~*~*~tactically~*~*~ (retreating).
 26904 | Spider:2 | 26904 ||| Stepping ~*~*~tactically~*~*~ (retreating).
 26905 | Spider:2 | 26905 ||| Stepping ~*~*~tactically~*~*~ (retreating).
 26906 | Spider:2 | 26906 ||| Stepping ~*~*~tactically~*~*~ (retreating).
 26907 | Spider:2 | 26907 ||| Stepping ~*~*~tactically~*~*~ (retreating).
 26908 | Spider:2 | 26908 ||| Stepping ~*~*~tactically~*~*~ (retreating).
 26909 | Spider:2 | 26909 ||| Stepping ~*~*~tactically~*~*~ (retreating).
 26910 | Spider:2 | 26910 ||| INVOKING Heroism.
 27051 | Spider:2 | Reached XP level 18. HP: 126/126 MP: 25/25
 27441 | Spider:3 | 27441 ||| FLEEEEING.
 27443 | Spider:3 | 27443 ||| FLEEEEING.
 27445 | Spider:3 | 27445 ||| INVOKING Finesse.
 27451 | Spider:3 | 27451 ||| Stepping ~*~*~tactically~*~*~ (outnumbered).
 27492 | Spider:3 | 27492 ||| INVOKING Finesse.
 27614 | Spider:3 | 27614 ||| INVOKING Heroism.
 27802 | Spider:3 | 27802 ||| INVOKING Heroism.
 27833 | Spider:3 | 27833 ||| INVOKING Finesse.
 28545 | Spider:3 | 28545 ||| PLANNING SWAMP:4
 28545 | Spider:3 | 28545 ||| READING 18 scrolls of identify.
 28545 | Spider:3 | 28545 ||| IDENTIFYING black potion
 28727 | Swamp:4  | Entered Level 4 of the Swamp
 28766 | Swamp:4  | 28766 ||| RETREATING.
 28777 | Swamp:4  | 28777 ||| INVOKING Heroism.
 28821 | Swamp:4  | 28821 ||| RETREATING.
 28832 | Swamp:4  | 28832 ||| Stepping ~*~*~tactically~*~*~ (retreating).
 28833 | Swamp:4  | 28833 ||| Stepping ~*~*~tactically~*~*~ (retreating).
 28835 | Swamp:4  | 28835 ||| Stepping ~*~*~tactically~*~*~ (retreating).
 28838 | Swamp:4  | 28838 ||| Stepping ~*~*~tactically~*~*~ (outnumbered).
 28859 | Swamp:4  | 28859 ||| Stepping ~*~*~tactically~*~*~ (cloud).
 28874 | Swamp:4  | 28874 ||| INVOKING Heroism.
 28879 | Swamp:4  | 28879 ||| RETREATING.
 28937 | Swamp:4  | 28937 ||| Stepping ~*~*~tactically~*~*~ (outnumbered).
 28939 | Swamp:4  | 28939 ||| Stepping ~*~*~tactically~*~*~ (outnumbered).
 28941 | Swamp:4  | 28941 ||| Stepping ~*~*~tactically~*~*~ (outnumbered).
 28963 | Swamp:4  | 28963 ||| RETREATING.
 28970 | Swamp:4  | 28970 ||| RETREATING.
 28974 | Swamp:4  | 28974 ||| Stepping ~*~*~tactically~*~*~ (retreating).
 29061 | Swamp:4  | 29061 ||| INVOKING Heroism.
 29175 | Swamp:4  | Identified the +6 shortbow of the Lurker {speed, Will+}
                  | (Okawaru gifted it to you on level 4 of the Swamp)
 29175 | Swamp:4  | Received a gift from Okawaru
 29218 | Swamp:4  | 29218 ||| RETREATING.
 29225 | Swamp:4  | 29225 ||| Stepping ~*~*~tactically~*~*~ (cloud).
 29237 | Swamp:4  | 29237 ||| INVOKING Heroism.
 29238 | Swamp:4  | 29238 ||| INVOKING Finesse.
 29376 | Swamp:4  | 29376 ||| INVOKING Heroism.
 29491 | Swamp:4  | Got a decaying rune of Zot
 29498 | Swamp:4  | 29498 ||| Stepping ~*~*~tactically~*~*~ (cloud).
 29548 | Swamp:4  | 29548 ||| INVOKING Heroism.
 29618 | Swamp:4  | 29618 ||| PLANNING VAULTS:1-4
 29923 | Vaults:1 | Entered Level 1 of the Vaults
 29928 | Vaults:1 | 29928 ||| STAIRDANCE
 29993 | Vaults:1 | 29993 ||| STAIRDANCE
 30026 | Vaults:1 | 30026 ||| STAIRDANCE
 30034 | Vaults:1 | 30034 ||| STAIRDANCE
 30059 | Vaults:1 | 30059 ||| STAIRDANCE
 30078 | Vaults:1 | 30078 ||| STAIRDANCE
 30096 | Vaults:1 | 30096 ||| STAIRDANCE
 30117 | Vaults:1 | 30117 ||| STAIRDANCE
 30148 | Vaults:1 | 30148 ||| STAIRDANCE
 30181 | Vaults:1 | 30181 ||| STAIRDANCE
 30236 | Vaults:1 | 30236 ||| Stepping ~*~*~tactically~*~*~ (outnumbered).
 30238 | Vaults:1 | 30238 ||| Stepping ~*~*~tactically~*~*~ (outnumbered).
 30240 | Vaults:1 | 30240 ||| Stepping ~*~*~tactically~*~*~ (outnumbered).
 30243 | Vaults:1 | 30243 ||| Stepping ~*~*~tactically~*~*~ (outnumbered).
 30282 | Vaults:1 | Identified the +9 dagger of Starshine {flame, Str+3}
                  | (Okawaru gifted it to you on level 1 of the Vaults)
 30282 | Vaults:1 | Received a gift from Okawaru
 30291 | Vaults:1 | 30291 ||| INVOKING Heroism.
 30314 | Vaults:1 | 30314 ||| FLEEEEING.
 30315 | Vaults:1 | 30315 ||| FLEEEEING.
 30316 | Vaults:1 | 30316 ||| FLEEEEING.
 30321 | Vaults:1 | 30321 ||| FLEEEEING.
 30391 | Vaults:1 | 30391 ||| RETREATING.
 30393 | Vaults:1 | 30393 ||| Stepping ~*~*~tactically~*~*~ (outnumbered).
 30441 | Vaults:1 | 30441 ||| RETREATING.
 30448 | Vaults:1 | 30448 ||| Stepping ~*~*~tactically~*~*~ (retreating).
 30450 | Vaults:1 | 30450 ||| Stepping ~*~*~tactically~*~*~ (retreating).
 30454 | Vaults:1 | 30454 ||| INVOKING Heroism.
 30557 | Vaults:1 | 30557 ||| RETREATING.
 30694 | Vaults:1 | Reached skill level 15 in Dodging
 30694 | Vaults:1 | Reached XP level 19. HP: 135/135 MP: 26/26
 30760 | Vaults:1 | 30760 ||| RETREATING.
 30761 | Vaults:1 | 30761 ||| Stepping ~*~*~tactically~*~*~ (retreating).
 30762 | Vaults:1 | 30762 ||| Stepping ~*~*~tactically~*~*~ (retreating).
 30764 | Vaults:1 | 30764 ||| Stepping ~*~*~tactically~*~*~ (retreating).
 30827 | Vaults:1 | Identified the +0 shortbow of Slow Death {elec, rElec
                  | Int+2}
 30949 | Vaults:1 | 30949 ||| INVOKING Heroism.
 30950 | Vaults:1 | 30950 ||| INVOKING Finesse.
 30954 | Vaults:1 | 30954 ||| RETREATING.
 31159 | Vaults:1 | 31159 ||| Stepping ~*~*~tactically~*~*~ (retreating).
 31160 | Vaults:1 | 31160 ||| Stepping ~*~*~tactically~*~*~ (retreating).
 31168 | Vaults:1 | 31168 ||| INVOKING Finesse.
 31376 | Vaults:1 | 31376 ||| RETREATING.
 31387 | Vaults:1 | 31387 ||| Stepping ~*~*~tactically~*~*~ (retreating).
 31388 | Vaults:1 | 31388 ||| Stepping ~*~*~tactically~*~*~ (retreating).
 31389 | Vaults:1 | 31389 ||| Stepping ~*~*~tactically~*~*~ (retreating).
 31393 | Vaults:1 | 31393 ||| INVOKING Heroism.
 31394 | Vaults:1 | 31394 ||| Stepping ~*~*~tactically~*~*~ (retreating).
 31395 | Vaults:1 | 31395 ||| Stepping ~*~*~tactically~*~*~ (retreating).
 31404 | Vaults:1 | 31404 ||| Stepping ~*~*~tactically~*~*~ (retreating).
 31405 | Vaults:1 | 31405 ||| Stepping ~*~*~tactically~*~*~ (outnumbered).
 31408 | Vaults:1 | 31408 ||| Stepping ~*~*~tactically~*~*~ (retreating).
 31409 | Vaults:1 | 31409 ||| Stepping ~*~*~tactically~*~*~ (retreating).
 31410 | Vaults:1 | 31410 ||| Stepping ~*~*~tactically~*~*~ (retreating).
 31411 | Vaults:1 | 31411 ||| Stepping ~*~*~tactically~*~*~ (retreating).
 31415 | Vaults:1 | 31415 ||| Stepping ~*~*~tactically~*~*~ (outnumbered).
 31431 | Vaults:1 | Reached skill level 21 in Fighting
 31526 | Vaults:1 | 31526 ||| DROPPING +6 ring of strength.
 31639 | Vaults:2 | Reached skill level 9 in Armour
 31874 | Vaults:2 | 31874 ||| INVOKING Heroism.
 32078 | Vaults:2 | Found a staircase to the Crypt.
 32078 | Vaults:2 | Found an ancient bone altar of Kikubaaqudgha.
 32078 | Vaults:2 | Found a basalt altar of Yredelemnul.
 32172 | Vaults:2 | 32172 ||| RETREATING.
 32192 | Vaults:2 | Received a gift from Okawaru
 32192 | Vaults:2 | Found the +7 Kryia's mail coat {PotionHeal*2 rC+}
 32375 | Vaults:2 | 32375 ||| RETREATING.
 32566 | Vaults:2 | 32566 ||| RETREATING.
 32897 | Vaults:3 | Found the +2 hood of the Assassin {Detect Stab+ Stlth++}
 32925 | Vaults:3 | 32925 ||| RETREATING.
 32931 | Vaults:3 | 32931 ||| Stepping ~*~*~tactically~*~*~ (retreating).
 32932 | Vaults:3 | 32932 ||| Stepping ~*~*~tactically~*~*~ (retreating).
 32938 | Vaults:3 | 32938 ||| Stepping ~*~*~tactically~*~*~ (retreating).
 32939 | Vaults:3 | 32939 ||| Stepping ~*~*~tactically~*~*~ (outnumbered).
 32940 | Vaults:3 | 32940 ||| Stepping ~*~*~tactically~*~*~ (retreating).
 32942 | Vaults:3 | 32942 ||| Stepping ~*~*~tactically~*~*~ (retreating).
 32943 | Vaults:3 | 32943 ||| Stepping ~*~*~tactically~*~*~ (retreating).
 32944 | Vaults:3 | 32944 ||| Stepping ~*~*~tactically~*~*~ (retreating).
 32945 | Vaults:3 | 32945 ||| Stepping ~*~*~tactically~*~*~ (retreating).
 32946 | Vaults:3 | 32946 ||| Stepping ~*~*~tactically~*~*~ (retreating).
 32947 | Vaults:3 | 32947 ||| Stepping ~*~*~tactically~*~*~ (retreating).
 32948 | Vaults:3 | 32948 ||| Stepping ~*~*~tactically~*~*~ (retreating).
 32949 | Vaults:3 | 32949 ||| Stepping ~*~*~tactically~*~*~ (retreating).
 32949 | Vaults:3 | HP: 23/137 [vault warden/+3 glaive (45)]
 32950 | Vaults:3 | 32950 ||| READING 8 scrolls of teleportation.
 32951 | Vaults:3 | 32951 ||| DRINKING 4 potions of heal wounds.
 32951 | Vaults:3 | HP: 10/137 [vault warden/+3 glaive (43)]
 32952 | Vaults:3 | 32952 ||| DRINKING 3 potions of heal wounds.
 32953 | Vaults:3 | 32953 ||| DRINKING 2 potions of heal wounds.
 32954 | Vaults:3 | 32954 ||| INVOKING Heroism.
 33121 | Vaults:3 | 33121 ||| Stepping ~*~*~tactically~*~*~ (outnumbered).
 33123 | Vaults:3 | Identified the +9 hand axe of the Grave {heavy, Fly}
 33133 | Vaults:3 | 33133 ||| Stepping ~*~*~tactically~*~*~ (retreating).
 33134 | Vaults:3 | 33134 ||| Stepping ~*~*~tactically~*~*~ (retreating).
 33135 | Vaults:3 | 33135 ||| Stepping ~*~*~tactically~*~*~ (retreating).
 33154 | Vaults:3 | 33154 ||| Stepping ~*~*~tactically~*~*~ (outnumbered).
 33155 | Vaults:3 | 33155 ||| Stepping ~*~*~tactically~*~*~ (retreating).
 33156 | Vaults:3 | 33156 ||| Stepping ~*~*~tactically~*~*~ (retreating).
 33157 | Vaults:3 | 33157 ||| RETREATING.
 33158 | Vaults:3 | 33158 ||| RETREATING.
 33163 | Vaults:3 | 33163 ||| RETREATING.
 33164 | Vaults:3 | 33164 ||| Stepping ~*~*~tactically~*~*~ (retreating).
 33171 | Vaults:3 | 33171 ||| Stepping ~*~*~tactically~*~*~ (outnumbered).
 33172 | Vaults:3 | 33172 ||| Stepping ~*~*~tactically~*~*~ (retreating).
 33173 | Vaults:3 | 33173 ||| Stepping ~*~*~tactically~*~*~ (outnumbered).
 33174 | Vaults:3 | 33174 ||| Stepping ~*~*~tactically~*~*~ (retreating).
 33182 | Vaults:3 | 33182 ||| Stepping ~*~*~tactically~*~*~ (retreating).
 33183 | Vaults:3 | 33183 ||| Stepping ~*~*~tactically~*~*~ (outnumbered).
 33184 | Vaults:3 | 33184 ||| INVOKING Heroism.
 33195 | Vaults:3 | 33195 ||| Stepping ~*~*~tactically~*~*~ (retreating).
 33203 | Vaults:3 | 33203 ||| Stepping ~*~*~tactically~*~*~ (outnumbered).
 33205 | Vaults:3 | HP: 20/137 [ironbound preserver/+0 mace of protection (16)]
 33206 | Vaults:3 | 33206 ||| READING 7 scrolls of teleportation.
 33207 | Vaults:3 | 33207 ||| DRINKING potion of heal wounds.
 33217 | Vaults:3 | 33217 ||| RETREATING.
 33220 | Vaults:3 | 33220 ||| READING 6 scrolls of teleportation.
 33221 | Vaults:3 | 33221 ||| Stepping ~*~*~tactically~*~*~ (retreating).
 33221 | Vaults:3 | HP: 16/137 [deep troll[an ironbound preserver] (9)]
 33222 | Vaults:3 | 33222 ||| Stepping ~*~*~tactically~*~*~ (retreating).
 33223 | Vaults:3 | 33223 ||| Stepping ~*~*~tactically~*~*~ (retreating).
 33391 | Vaults:3 | 33391 ||| FLEEEEING.
 33424 | Vaults:3 | 33424 ||| Stepping ~*~*~tactically~*~*~ (retreating).
 33434 | Vaults:3 | 33434 ||| Stepping ~*~*~tactically~*~*~ (outnumbered).
 33435 | Vaults:3 | 33435 ||| FLEEEEING.
 33437 | Vaults:3 | 33437 ||| FLEEEEING.
 33438 | Vaults:3 | 33438 ||| FLEEEEING.
 33440 | Vaults:3 | 33440 ||| INVOKING Heroism.
 33448 | Vaults:3 | Received a gift from Okawaru
 33498 | Vaults:3 | 33498 ||| SWAPPING to +0 triple crossbow of draining.
 33499 | Vaults:3 | 33499 ||| DROPPING +0 longbow of freezing.
 33548 | Vaults:3 | 33548 ||| Stepping ~*~*~tactically~*~*~ (outnumbered).
 33555 | Vaults:3 | 33555 ||| INVOKING Heroism.
 33622 | Vaults:3 | Identified the +1 robe of Inquiry {rPois rF- rC+ rN+}
 33629 | Vaults:3 | Reached XP level 20. HP: 145/145 MP: 27/27
 33676 | Vaults:3 | 33676 ||| RETREATING.
 33686 | Vaults:3 | 33686 ||| Stepping ~*~*~tactically~*~*~ (retreating).
 33687 | Vaults:3 | 33687 ||| Stepping ~*~*~tactically~*~*~ (retreating).
 33688 | Vaults:3 | 33688 ||| Stepping ~*~*~tactically~*~*~ (retreating).
 33695 | Vaults:3 | 33695 ||| INVOKING Heroism.
 33858 | Vaults:3 | 33858 ||| Stepping ~*~*~tactically~*~*~ (outnumbered).
 33871 | Vaults:3 | 33871 ||| INVOKING Heroism.
 33875 | Vaults:3 | 33875 ||| Stepping ~*~*~tactically~*~*~ (outnumbered).
 33876 | Vaults:3 | 33876 ||| Stepping ~*~*~tactically~*~*~ (outnumbered).
 33884 | Vaults:3 | 33884 ||| INVOKING Heroism.
 33978 | Vaults:3 | 33978 ||| RETREATING.
 33980 | Vaults:3 | 33980 ||| Stepping ~*~*~tactically~*~*~ (retreating).
 33983 | Vaults:3 | 33983 ||| Stepping ~*~*~tactically~*~*~ (retreating).
 33984 | Vaults:3 | 33984 ||| Stepping ~*~*~tactically~*~*~ (retreating).
 33986 | Vaults:3 | 33986 ||| Stepping ~*~*~tactically~*~*~ (retreating).
 33998 | Vaults:3 | 33998 ||| INVOKING Heroism.
 34012 | Vaults:3 | Identified the +3 plate armour "Ylyqedu" {Contam rElec
                  | Str+3 Int+5} (Okawaru gifted it to you on level 3 of the
                  | Vaults)
 34012 | Vaults:3 | Received a gift from Okawaru
 34395 | Vaults:3 | 34395 ||| Stepping ~*~*~tactically~*~*~ (retreating).
 34396 | Vaults:3 | 34396 ||| Stepping ~*~*~tactically~*~*~ (retreating).
 34397 | Vaults:3 | 34397 ||| Stepping ~*~*~tactically~*~*~ (retreating).
 34398 | Vaults:3 | 34398 ||| Stepping ~*~*~tactically~*~*~ (retreating).
 34399 | Vaults:3 | 34399 ||| RETREATING.
 34400 | Vaults:3 | 34400 ||| RETREATING.
 34404 | Vaults:3 | 34404 ||| Stepping ~*~*~tactically~*~*~ (retreating).
 34412 | Vaults:3 | 34412 ||| INVOKING Heroism.
 34719 | Vaults:4 | 34719 ||| Stepping ~*~*~tactically~*~*~ (outnumbered).
 34728 | Vaults:4 | Reached skill level 21 in Ranged Weapons
 34749 | Vaults:4 | Identified the +1 arbalest "Wyptil" {penet, rN+ SInv}
 34806 | Vaults:4 | 34806 ||| RETREATING.
 34808 | Vaults:4 | 34808 ||| Stepping ~*~*~tactically~*~*~ (retreating).
 34809 | Vaults:4 | 34809 ||| Stepping ~*~*~tactically~*~*~ (retreating).
 34815 | Abyss:3  | Cast into level 3 of the Abyss (a wizard)
 34818 | Abyss:3  | Found a corrupted altar of Lugonu.
 34980 | Abyss:4  | Noticed a hellephant
 34981 | Abyss:4  | 34981 ||| DRINKING potion of resistance.
 34982 | Abyss:4  | 34982 ||| Stepping ~*~*~tactically~*~*~ (retreating).
 34985 | Abyss:4  | 34985 ||| Stepping ~*~*~tactically~*~*~ (retreating).
 34987 | Abyss:4  | 34987 ||| Stepping ~*~*~tactically~*~*~ (retreating).
 34988 | Abyss:4  | 34988 ||| RETREATING.
 35001 | Abyss:4  | 35001 ||| INVOKING Heroism.
 35003 | Abyss:4  | 35003 ||| Stepping ~*~*~tactically~*~*~ (retreating).
 35004 | Abyss:4  | 35004 ||| Stepping ~*~*~tactically~*~*~ (retreating).
 35005 | Abyss:4  | 35005 ||| Stepping ~*~*~tactically~*~*~ (retreating).
 35007 | Abyss:4  | 35007 ||| Stepping ~*~*~tactically~*~*~ (retreating).
 35011 | Abyss:4  | Killed a hellephant
 35020 | Abyss:4  | HP: 28/116 [tentacled starspawn (5)]
 35021 | Abyss:4  | 35021 ||| READING 5 scrolls of teleportation.
 35021 | Abyss:4  | HP: 7/116 [tentacled starspawn (23)]
 35021 | Abyss:4  | Mangled by a tentacled starspawn

Levels and vault maps discovered:
D:1:      giann_bridges, layout_basic, minmay_pentomino_o2
D:2:      layout_basic, serial_shops, nicolae_shop_behind_doors,
          nicolae_shop_advertising_works [nicolae_subvault_shop_adworks],
          serial_park_tiny_pond, minmay_divided_ellipse, uniq_sigmund
D:3:      layout_loops_ring, serial_shops, nicolae_shop_industrial_runoff
D:4:      layout_loops_cross, minmay_temple_entry_large_hall,
          serial_bayou_crossing, uniq_robin
D:5:      layout_rooms, cheibrodos_sewer_entry_bend, minivault_19, uniq_edmund,
          uniq_crazy_yiuf_cottage, uniq_blork_the_orc
D:6:      layout_rooms, serial_shops, nicolae_shop_waterfront, uniq_duvessa,
          uniq_pikel
D:7:      layout_basic
D:8:      layout_loops_ring, kennysheep_mini_moat, zin_scriptorium,
          mainiacjoe_overflow_boulevard, uniq_gastronok
D:9:      layout_rooms, nicolae_overflow_two_pavilions,
          mainiacjoe_overflow_surrounded_room
D:10:     minmay_coctagon, layout_stronghold, lemuel_doored_altar,
          erik_lair_orcish_takeover, david_orc_4, serial_undead,
          serial_undead_c, serial_undead_b, serial_undead_d, serial_undead_d,
          serial_undead_d, serial_undead_c
D:11:     hellmonk_paralyzer, layout_loops_ring, serial_shops, shop,
          nicolae_shop_back_alley_shop, shop, shop, corexii_hall_statues_l,
          grunt_decor_one_mirror, nicolae_straight_to_the_point
D:12:     argonaut_augean_stables, layout_loops_cross, serial_ice, serial_ice_a,
          serial_ice_g, serial_ice_m, serial_ice_e
D:13:     layout_cave_pools, portal_ice_cave_entry_pillars_2, uniq_sonja,
          uniq_jorgrun
D:14:     layout_irregular_city, grunt_vaults_entry_tiered,
          yredelemnul_altar_generic, minmay_crystal_room, uniq_agnes
D:15:     grunt_enter_depths_snipers, layout_gridville,
          nicolae_dithmenos_through_a_glass_darkly
Temple:   regret_index_temple_waves
Lair:1:   minmay_lair_venomous_thicket, layout_regular_city, lemuel_old_faithful
Lair:2:   gammafunk_indiana_jones, layout_concentric_octagons, enter_volcano_4,
          grunt_forest_stairs_clearing, serial_bayou_shore_b, uniq_urug,
          uniq_erica
Lair:3:   layout_regular_city, nicolae_swamp_entry_splash_gauntlet,
          nicolae_spider_entry_orb_guardian, st_stairs_5
Lair:4:   nzn_winding_woodlands_cross [nzn_winding_woodlands_5x15_crooked,
          nzn_winding_woodlands_5x15_lazy_stream,
          nzn_winding_woodlands_5x15_garden, nzn_winding_woodlands_5x15_zeroes,
          nzn_winding_woodlands_15x15_eel_pit], layout_hall_layers,
          minmay_slime_entry_oklob_open, minivault_24, lemuel_fruit_tree
Lair:5:   evilmike_catoblepas_cave, layout_cave_pods, grunt_megastairs_5
Swamp:1:  layout_falls_marsh, evilmike_swamp_ruin_house_2,
          infiniplex_staircase_pool
Swamp:2:  layout_basic_swamp, nicolae_swamp_decorative_isthmus, swamp_pool1,
          uniq_roxanne, uniq_mlioglotl
Swamp:3:  layout_basic_swamp, evilmike_swamp_ruin_house_4, swamp_pool3
Swamp:4:  swamp_fiery, layout_basic_swamp
Spider:1: layout_spider_delve, uniq_louise, uniq_donald
Spider:2: nicolae_spider_hall_of_the_moth_king
Spider:3: layout_chambers
Orc:1:    layout_caves, basic_altar, uniq_nergalle
Orc:2:    grunt_orc_community_town_hall, layout_caves,
          grunt_orc_community_big_house_1, grunt_orc_community_big_house_2,
          grunt_orc_community_house_1, grunt_orc_community_house_3,
          grunt_orc_community_house_1, grunt_orc_community_house_1,
          grunt_orc_community_house_3, grunt_orc_community_house_2,
          minmay_orc_temple_b, uniq_rupert, uniq_snorg
Vaults:1: dpeg_vaults_hating_casters, nicolae_vaults_swerve, vaults_dpeg_hooks,
          nicolae_vaults_alarming, grunt_vaults_hallway_long,
          nicolae_vaults_house_3, nicolae_vaults_trapezoid_lopsided_3,
          v_rooms_4, vaults_room_grunt_arrival_ludios, layout_vaults_big_room
Vaults:2: minmay_crypt_entry_necro_gods, vaults_room_door_ring, v_misc_11,
          vaults_room_semicircle, layout_vaults_quadrants
Vaults:3: nicolae_vaults_network_periphery, vaults_standard_mumra_lines,
          hangedman_vaults_stream, nicolae_vaults_shipping_containers_5,
          v_misc_4, hangedman_vaults_river_flow, nicolae_vaults_trapezoid_4,
          nicolae_vaults_triangles, vaults_dpeg_encased_lava,
          nicolae_vaults_angled_halls, v_misc_19, nicolae_vaults_apartment_2,
          layout_vaults_maze
Vaults:4: grunt_vaults_hallway_long, nicolae_vaults_yaktaur_gun_rack,
          nicolae_vaults_theta, nicolae_vaults_theta, v_misc_30,
          nicolae_vaults_tetromino_T_1, ontoclasm_vaults_ring_small,
          nicolae_vaults_storage_closets_3, nicolae_vaults_house_1,
          nicolae_vaults_weapon_check, layout_vaults_omnicross
Abyss:4:  base: D:2, evilmike_abyss_exit_mutagenic, evilmike_abyss_exit_13,
          minivault_1, hangedman_abyss_mock_shop

Skill      XL: |  1  2  3  4  5  6  7  8  9 10 11 12 13 14 15 16 17 18 19 20 |
---------------+-------------------------------------------------------------+-----
Ranged Weapons | 5 6 8 9 10 13 14 16 19 20 21 | 21.4
Fighting       | 5 6 7 9 12 14 16 17 18 20 21 | 21.8
Armour         | 1 2 3 5 7 8 9 |  9.0
Dodging        | 2 4 5 7 9 11 13 15 16 | 16.0
Invocations    | 1 4 8 10 | 10.0
Stealth        | |  1.1

Action                     |  1- 3 |  4- 6 |  7- 9 | 10-12 | 13-15 | 16-18 | 19-21 || total
---------------------------+-------+-------+-------+-------+-------+-------+-------++-------
   Fire: Shortbow          |    97 |   217 |   399 |   841 |  1271 |       |       ||  2825
         Orcbow            |       |       |       |       |   302 |       |       ||   302
         Longbow           |       |       |       |       |     4 |  1903 |   536 ||  2443
         Triple crossbow   |       |       |       |       |       |       |   209 ||   209
 Invoke: Heroism           |       |       |     9 |    16 |    34 |    42 |    13 ||   114
         Finesse           |       |       |       |       |     3 |    13 |     2 ||    18
    Use: Potion            |     2 |     1 |     3 |       |     3 |     3 |     5 ||    17
         Scroll            |     1 |     7 |    10 |     7 |     7 |     2 |     4 ||    38
 Armour: Leather armour    |    18 |    67 |     2 |   202 |   165 |       |       ||   454
         Ring mail         |       |     2 |    69 |       |   156 |   115 |       ||   342
         Robe              |       |       |    56 |       |       |       |       ||    56
         Troll leather arm |       |       |       |       |       |   424 |   290 ||   714
  Dodge: Dodged            |    16 |    98 |    94 |   402 |   759 |  1119 |   667 ||  3155
  Block: Other             |       |       |    45 |   130 |   166 |    72 |       ||   413
         Reflection        |       |       |       |     1 |    11 |     2 |       ||    14

Table legend:
 A = Non-vault XP
 B = Vault XP
 C = Vault XP percentage of total XP
 D = Non-vault monster count
 E = Vault monster count
 F = Vault count percentage of total count
                 A         B        C        D         E       F
            +---------+---------+-------+---------+---------+-------
      Total |  285810 |  156499 |  35.4 |     924 |     425 |  31.5
            +---------+---------+-------+---------+---------+-------
        D:1 |      55 |       2 |   3.5 |      31 |       2 |   6.1
        D:2 |      94 |     274 |  74.5 |      21 |      14 |  40.0
        D:3 |      70 |       0 |   0.0 |      25 |       0 |   0.0
        D:4 |     516 |      33 |   6.0 |      35 |      11 |  23.9
        D:5 |     527 |     266 |  33.5 |      11 |       4 |  26.7
        D:6 |     897 |     851 |  48.7 |      31 |       3 |   8.8
        D:7 |     784 |       0 |   0.0 |      11 |       0 |   0.0
        D:8 |    2375 |    1507 |  38.8 |      27 |       1 |   3.6
        D:9 |    1569 |       0 |   0.0 |      25 |       0 |   0.0
       D:10 |    2554 |    7627 |  74.9 |      30 |      42 |  58.3
       D:11 |    5349 |    2255 |  29.7 |      32 |       8 |  20.0
       D:12 |    8118 |    6711 |  45.3 |      26 |      22 |  45.8
       D:13 |    5149 |    2744 |  34.8 |      19 |       2 |   9.5
       D:14 |    7662 |    9448 |  55.2 |      22 |      26 |  54.2
       D:15 |    7839 |    2693 |  25.6 |      28 |       3 |   9.7
     Lair:1 |    4243 |    2671 |  38.6 |      16 |      15 |  48.4
     Lair:2 |    5647 |    1649 |  22.6 |      20 |       2 |   9.1
     Lair:3 |    6321 |    5248 |  45.4 |      24 |      11 |  31.4
     Lair:4 |    5189 |    3943 |  43.2 |      22 |      10 |  31.2
     Lair:5 |    5810 |   11937 |  67.3 |      22 |      27 |  55.1
    Swamp:1 |   11714 |       0 |   0.0 |      22 |       0 |   0.0
    Swamp:2 |   12426 |    3109 |  20.0 |      33 |       2 |   5.7
    Swamp:3 |   11290 |       0 |   0.0 |      22 |       0 |   0.0
    Swamp:4 |   17933 |   15091 |  45.7 |      29 |      29 |  50.0
   Spider:1 |   11253 |    2700 |  19.4 |      25 |       2 |   7.4
   Spider:2 |   24898 |   10100 |  28.9 |      55 |      13 |  19.1
   Spider:3 |   15766 |       0 |   0.0 |      40 |       0 |   0.0
      Orc:1 |    2358 |    2692 |  53.3 |      23 |       2 |   8.0
      Orc:2 |    4571 |    8671 |  65.5 |      50 |      85 |  63.0
   Vaults:1 |   27537 |   20633 |  42.8 |      40 |      27 |  40.3
   Vaults:2 |   22050 |    3023 |  12.1 |      29 |       5 |  14.7
   Vaults:3 |   23806 |   29545 |  55.4 |      31 |      40 |  56.3
   Vaults:4 |    6902 |     355 |   4.9 |       8 |       1 |  11.1
    Abyss:2 |   11129 |       0 |   0.0 |      23 |       0 |   0.0
    Abyss:4 |   11409 |     632 |   5.2 |      16 |       3 |  15.8
      Sewer |       0 |      89 | 100.0 |       0 |      13 | 100.0
            +---------+---------+-------+---------+---------+-------
